Cogmind - Beta 11.1 @@@ ROGUE MODE // 2022.05.27 @ 23:26:53 Player: Pogmind Result: Self-destructed Performance ------------- Evolutions (7) 3500 Regions Visited (32) 6400 Robots Destroyed (583) 2915 Value Destroyed (30143) 30143 Prototype IDs (69) 1380 Alien Tech Used (0) 0 Bonus (10857) 10857 TOTAL SCORE: 55195 Bonus ------- High Alert Combat Kills 5446 Follower Combat Kills 4885 Entered Garrisons 1400 Used RIF Installer 3500 Network Hubs Disabled 600 Aligned with FarCom 300 Friendly Fire -5274 Cogmind --------- Core Integrity 385/1300 Matter 300/300 Energy 27/100 System Corruption 5% Temperature Cool (0) Movement Hovering (60) Location -3/Research Parts ------- > --- POWER (1) -------- (None) > --- PROPULSION (8) --- Combat Linear Gravjet Combat Linear Gravjet > --- UTILITY (9) ------ Hacking Suite > --- WEAPON (3) ------- Thunder Hammer > --- INVENTORY (5) ---- Combat Linear Gravjet Combat Linear Gravjet Quantum Shading Machine Stasis Canceller Cloak of Protection Peak State ------------ > --- POWER ------------ Quantum Reactor > --- PROPULSION ------- Armored Medium Treads Armored Medium Treads Centrium Heavy Treads Centrium Heavy Treads Biomechanical Wings Biomechanical Wings > --- UTILITY ---------- Advanced Cooling System Huge Storage Unit Spectral Analyzer Experimental Targeting Computer Stasis Canceller Improved Medium Armor Plating Improved Medium Armor Plating Advanced Hacking Suite Long-range Tractor Beam > --- WEAPON ----------- EMDS Improved Remote Datajack > --- INVENTORY -------- Quantum Reactor Armored Medium Treads Biomechanical Wings Biomechanical Wings Biomechanical Wings Advanced Power Amplifier Large Storage Unit Advanced Force Booster Experimental Phase Shifter Cloak of Protection Graphene Brace Experimental EM Disruption Field Improved Hacking Suite Improved Hacking Suite Improved Hacking Suite Advanced Hacking Suite Advanced System Shield Authchip [Propulsion] EMDS Hypervelocity Railgun Fusion Bomb Launcher Enhanced Force Lance [Rating: 154] Favorites ----------- Power Reinforced Fission Core Engine Reinforced Deuterium Engine Power Core Reinforced Fission Core Reactor Antimatter Reactor Propulsion Heavy Treads Treads Heavy Treads Leg Aluminum Leg Wheel Armored Wheel Hover Unit Improved Antigrav System Flight Unit Biomechanical Wings Utility Hacking Suite Device Improved Cooling System Storage Cargo Storage Unit Processor Improved Targeting Computer Hackware Hacking Suite Protection Layered Medium Armor Plating Weapon Bore Cannon Energy Gun Gatling Laser Energy Cannon Phase Cannon Ballistic Gun Hypervelocity Railgun Ballistic Cannon Bore Cannon Launcher Fusion Bomb Launcher Special Weapon Remote Datajack Impact Weapon Great Maul Slashing Weapon Scythe Piercing Weapon Enhanced Force Lance Special Melee Weapon Advanced Datajack Build | -11 -10 -10 -10 -9 -8 -8 -8 -8 -7 -7 -7 -7 -7 -7 -6 -6 -6 -6 -5 -5 -5 -5 -5 -5 -4 -4 -4 -4 -4 -4 -4 -3 ------- Run | Scr Mat Min Exi Min Mat Gar Mat Gar Fac Was Fac Gar Fac Gar Fac Was Fac Gar Fac Was Fac Gar Fac Gar Fac Was Fac Ext Cet Arc Hub Res Slots Evolved 14 | . . . . . 4 . . . 2 . . . . . 2 . . . 2 . . . . . 2 . . . . . . 2 Power . | . . . . . . . . . . . . . . . . . . . . . . . . . . . . . . . . . Propulsion 6 | . . . . . 2 . . . . . . . . . 2 . . . . . . . . . . . . . . . . 2 Utility 7 | . . . . . 2 . . . 2 . . . . . . . . . 2 . . . . . 1 . . . . . . . Weapon 1 | . . . . . . . . . . . . . . . . . . . . . . . . . 1 . . . . . . . Parts Attached 1109 | 7 12 7 4 14 64 39 9 43 29 15 80 26 4 28 54 22 32 28 47 20 38 93 25 55 4 43 28 59 11 32 81 56 Power 58 | 1 1 . 1 3 6 . . 1 4 3 3 2 . . 2 2 . . 1 1 1 5 . 1 . 3 1 3 2 . 6 5 Engine 22 | 1 1 . 1 3 1 . . 1 4 2 . 2 . . 2 2 . . . . . 1 . . . . . 1 . . . . Core 19 | . . . . . 5 . . . . . 2 . . . . . . . . . . 2 . 1 . 2 . 2 1 . 4 . Reactor 17 | . . . . . . . . . . 1 1 . . . . . . . 1 1 1 2 . . . 1 1 . 1 . 2 5 Propulsion 199 | 2 2 3 . 2 12 10 5 12 6 3 4 2 . 4 8 10 2 4 5 6 4 22 8 6 . 13 . 7 2 5 11 19 Treads 136 | 2 1 1 . . 11 6 5 8 5 3 3 2 . 2 7 9 1 4 5 6 3 4 8 6 . 9 . 6 2 4 9 4 Leg 6 | . . . . 2 1 . . . . . . . . . . . . . . . . 2 . . . . . . . . 1 . Wheel 25 | . . 2 . . . 4 . 3 1 . . . . 2 . . . . . . . 12 . . . 1 . . . . . . Hover 14 | . . . . . . . . 1 . . 1 . . . . . . . . . 1 1 . . . 1 . . . 1 1 7 Flight 18 | . 1 . . . . . . . . . . . . . 1 1 1 . . . . 3 . . . 2 . 1 . . . 8 Utility 401 | 1 3 1 1 7 19 10 2 8 9 6 37 14 2 16 26 2 8 15 19 6 11 27 8 23 1 8 11 26 3 14 35 22 Device 191 | . 2 1 . 6 8 5 1 5 2 3 18 6 2 8 12 2 7 4 7 5 7 7 1 7 1 5 4 12 . 11 23 9 Storage 21 | 1 1 . 1 1 2 . . . . . 1 1 . 2 1 . . . . . . 5 . . . . . 2 . 2 . 1 Processor 10 | . . . . . . . . . 1 . 2 . . . . . . . 1 . 1 . . 1 . 1 . . . . 2 1 Hackware 64 | . . . . . . . . . 4 1 1 5 . 5 7 . 1 7 6 1 2 4 2 3 . . 3 3 . . . 9 Protection 115 | . . . . . 9 5 1 3 2 2 15 2 . 1 6 . . 4 5 . 1 11 5 12 . 2 4 9 3 1 10 2 Artifact . | . . . . . . . . . . . . . . . . . . . . . . . . . . . . . . . . . Weapon 451 | 3 6 3 2 2 27 19 2 22 10 3 36 8 2 8 18 8 22 9 22 7 22 39 9 25 3 19 16 23 4 13 29 10 Energy Gun 72 | 2 . . 1 . 13 7 2 11 4 1 1 . . . . 2 8 2 . . . 10 . 2 . 2 . 2 . 1 1 . Energy Cannon 53 | . 5 2 1 . 3 3 . . . . . . . . . . 2 4 8 6 9 4 . . . 2 . . . . 2 2 Ballistic Gun 52 | 1 . . . 2 1 3 . . . . . . . . 5 2 3 . . . 1 1 . 1 2 5 . 3 . 8 14 . Ballistic Cannon 85 | . . . . . . . . . . 1 18 3 . 4 6 2 . . . . . 10 4 7 1 5 7 11 3 3 . . Launcher 28 | . . 1 . . 3 4 . 4 . . 1 . . 1 1 . . 1 2 . 4 . . 1 . . . . 1 . 1 3 Special Weapon 70 | . . . . . . . . . 3 . 4 4 1 2 3 1 2 2 6 1 3 9 3 8 . 4 5 2 . . 6 1 Impact Weapon 19 | . . . . . 7 2 . 5 3 . . . . . . . . . . . . . . . . . . 1 . . . 1 Slashing Weapon 40 | . 1 . . . . . . 2 . 1 12 1 1 1 3 1 7 . 6 . . . . . . . . 2 . . 1 1 Piercing Weapon 31 | . . . . . . . . . . . . . . . . . . . . . 5 5 2 6 . 1 4 2 . . 4 2 Special Melee Weapon 1 | . . . . . . . . . . . . . . . . . . . . . . . . . . . . . . 1 . . Unidentified Prototypes 30 | . 2 . . 2 5 . 1 . 1 . 1 . . . 2 . 5 . . . 1 . . . . 1 . 2 2 . . 5 Parts Lost 109 | . . 7 . 1 8 11 . 4 9 . 5 1 . 1 7 . . 2 10 1 3 16 . 6 . . . 1 . . 2 14 Power 11 | . . 1 . 1 2 . . 1 1 . 2 . . . . . . . 1 . . 2 . . . . . . . . . . Propulsion 44 | . . 3 . . 5 5 . 2 2 . . . . . 2 . . 2 3 . 2 5 . 4 . . . . . . . 9 Utility 41 | . . 1 . . 1 4 . 1 5 . 2 1 . 1 3 . . . 6 1 1 5 . 2 . . . 1 . . 2 4 Weapon 13 | . . 2 . . . 2 . . 1 . 1 . . . 2 . . . . . . 4 . . . . . . . . . 1 Highest Loss Streak 12 | . . 6 . 1 4 5 . 1 5 . 1 1 . 1 2 . . 2 4 1 2 12 . 2 . . . 1 . . 1 9 To Critical Strikes 6 | . . . . . . . . 1 . . 1 . . . 1 . . . 1 . . 1 . 1 . . . . . . . . Average Slot Usage (%) 84 | . 99 94 7 57 98 99 99 99 89 91 78 74 76 78 80 78 72 75 75 76 75 78 94 92 91 90 83 86 86 82 85 48 Engine 3 | . 14 13 4 13 . 9 9 8 4 5 . 2 7 7 6 6 6 6 4 . . 2 . . . . . . . . . . Core 2 | . . . . . 8 . . . . . 4 4 . . . . . . . . . 1 5 5 5 5 2 2 4 5 4 . Treads 23 | . 28 24 . . 33 31 25 35 17 21 14 16 23 22 31 26 20 22 19 17 16 3 34 34 31 28 21 23 23 20 20 1 Wheel 1 | . . 1 . . . 4 10 . 12 3 . . . . . . . . . . . 20 . . . . . . . . . . Device 11 | . 13 13 . 2 14 11 18 17 9 13 18 10 15 6 3 6 5 3 9 20 21 8 11 7 12 15 14 9 10 10 15 1 Storage 6 | . 14 13 2 2 9 9 9 9 7 7 7 7 7 7 6 6 6 6 5 5 5 4 5 5 5 5 5 5 5 5 5 3 Hackware 8 | . . . . . . . . . 8 7 1 3 . 7 11 20 20 19 15 12 12 16 10 15 10 10 14 17 10 10 7 16 Protection 7 | . . . . . 12 15 9 9 8 6 9 4 7 10 6 . . 2 3 . . 3 11 9 10 9 6 8 15 12 13 . Energy Gun 3 | . . . . . 15 9 17 16 11 . 1 . . . . 1 8 . . . . 3 . . . . . . . . . . Energy Cannon 2 | . 26 26 . . 1 6 . . . . . . . . . . . 8 7 5 5 . . . . . . . . . . . Ballistic Gun 1 | . . . . 23 . 1 . . . . . . . . 4 1 . . . . . . . . 8 8 . . 11 13 14 . Ballistic Cannon 3 | . . . . . . . . . . . 11 13 9 10 5 . . . . . . 1 9 3 1 2 11 14 3 1 . . Special Weapon 1 | . . . . . . . . . 1 6 . 1 2 3 1 4 . 3 1 4 1 1 . 3 5 3 2 . . . . . Naked Turns 295 | . . 14 230 . . . . . . . . . . . . . . . . . . . . . . . . . . . . 51 Heaviest Build 273 | 12 34 34 13 14 105 109 105 105 106 129 142 273 196 195 194 173 169 190 192 178 184 198 205 204 207 217 217 224 221 221 178 149 Greatest Support 220 | 40 40 40 3 25 80 80 80 80 24 140 140 140 126 126 196 210 210 210 210 210 210 210 180 180 159 200 200 200 220 220 218 214 Greatest Overweight (x) 57 | . . 6 4 1 1 4 4 8 8 8 1 1 1 7 1 1 1 . 1 1 1 57 5 1 1 1 1 1 1 1 . 2 Average Overweight (x) . | . . . . . . 2 3 1 5 3 . . 1 1 . . . . . . . 1 1 1 1 . . . . . . . Largest Inventory Capacity 30 | 8 15 15 10 8 25 25 25 25 25 25 25 30 30 30 30 30 30 30 30 30 30 30 30 30 30 30 30 30 30 30 25 25 Average Capacity 25 | 6 14 14 6 5 21 25 25 25 25 25 25 26 30 25 30 30 30 30 30 30 30 24 30 30 30 30 30 30 30 28 25 13 Most Carried 30 | 4 15 15 5 8 25 25 25 25 25 25 25 30 30 30 30 30 30 30 30 30 30 30 30 30 29 30 30 30 30 30 25 25 Average Carried 24 | 2 11 14 4 5 19 22 25 22 20 22 24 25 29 25 28 29 29 28 29 28 29 22 29 28 29 29 29 29 29 28 24 12 Final Capacity 30 | 8 15 5 10 8 25 25 25 25 25 25 25 30 30 30 30 30 30 30 30 30 30 30 30 30 30 30 30 30 30 25 25 5 Final Carried 30 | 4 15 5 5 8 25 25 25 25 19 25 25 30 30 30 29 30 30 30 26 30 28 30 30 30 29 30 30 30 30 25 25 5 Class Distribution -------------------- 40% | Scavenger-Mutant 20% | Bothacker-Mutant 9% | Botlord-Mutant 9% | Hauler-Mutant 6% | Mutant 5% | Scavenger-Tank Dominant Class ---------------- Mutant | -10/Materials Mutant | -10/Mines Mutant | -10/Exiles Scavenger-Mutant | -9/Mines Scavenger-Mutant | -8/Materials Scavenger-Mutant | -8/Garrison Mutant | -8/Materials Scavenger-Mutant | -8/Garrison Bothacker-Mutant | -7/Factory Scavenger-Mutant | -7/Waste Scavenger-Mutant | -7/Factory Bothacker-Mutant | -7/Garrison Bothacker-Mutant | -7/Factory Botlord-Mutant | -7/Garrison Bothacker-Mutant | -6/Factory Bothacker-Mutant | -6/Waste Hauler-Mutant | -6/Factory Botlord-Mutant | -6/Garrison Bothacker-Mutant | -5/Factory Scavenger-Mutant | -5/Waste Scavenger-Mutant | -5/Factory Scavenger-Mutant | -5/Garrison Hauler-Mutant | -5/Factory Hauler-Mutant | -5/Garrison Scavenger-Mutant | -4/Factory Scavenger-Mutant | -4/Waste Bothacker-Mutant | -4/Factory Bothacker-Tank | -4/Extension Scavenger-Tank | -4/Cetus Scavenger-Tank | -4/Archives Scavenger-Tank | -4/Hub_04(d) Hacker-Mutant | -3/Research Resources | -11 -10 -10 -10 -9 -8 -8 -8 -8 -7 -7 -7 -7 -7 -7 -6 -6 -6 -6 -5 -5 -5 -5 -5 -5 -4 -4 -4 -4 -4 -4 -4 -3 ----------- Run | Scr Mat Min Exi Min Mat Gar Mat Gar Fac Was Fac Gar Fac Gar Fac Was Fac Gar Fac Was Fac Gar Fac Gar Fac Was Fac Ext Cet Arc Hub Res Matter Collected 24375 | 220 171 29 . 203 636 478 83 584 250 269 2286 1081 11 897 1098 357 337 398 561 460 639 1954 629 1858 93 914 1091 1797 312 817 3287 575 Remotely 5871 | . . . . . . . . . . . 1476 551 . 75 327 . . . . . . . . . . . . 50 . 489 2903 . Salvage Created 31774 | . 568 29 . 170 2131 1870 339 1609 744 1145 1970 661 . 511 1041 1589 465 716 805 1850 1354 1491 266 1119 . 1649 687 733 304 719 4351 888 Parts 1366 | . 28 6 . 6 112 69 14 77 15 12 83 38 . 22 47 21 20 42 43 63 52 72 13 60 . 53 33 24 18 54 233 36 Haulers Intercepted 13 | . 2 . . . 6 . 1 . . . . . . . . . . . . . 1 . . . . . . 1 . . 2 . Recyclers Shooed 14 | . . . . . 1 . . . 1 . 1 . . . 6 . . . 1 . 1 . 1 . . . 1 . . . . 1 Parts Field Recycled . | . . . . . . . . . . . . . . . . . . . . . . . . . . . . . . . . . Retrieved Matter . | . . . . . . . . . . . . . . . . . . . . . . . . . . . . . . . . . Parts Self-Destructed . | . . . . . . . . . . . . . . . . . . . . . . . . . . . . . . . . . Prevented . | . . . . . . . . . . . . . . . . . . . . . . . . . . . . . . . . . Kills | -11 -10 -10 -10 -9 -8 -8 -8 -8 -7 -7 -7 -7 -7 -7 -6 -6 -6 -6 -5 -5 -5 -5 -5 -5 -4 -4 -4 -4 -4 -4 -4 -3 ------- Run | Scr Mat Min Exi Min Mat Gar Mat Gar Fac Was Fac Gar Fac Gar Fac Was Fac Gar Fac Was Fac Gar Fac Gar Fac Was Fac Ext Cet Arc Hub Res Combat Hostiles Destroyed 442 | . 10 3 . . 38 28 9 36 16 4 38 18 . 13 18 6 10 17 17 5 22 16 5 22 . . 14 7 5 4 44 17 Melee 23 | . . . . . 1 . . . 2 4 1 . . . . 6 . . . . . 4 . 3 . . . . . . . 2 Guns 134 | . . . . . 25 12 9 16 10 . . . . . 5 . 7 . . . . 2 . . . . . . 4 3 41 . Cannons 185 | . 8 1 . . 2 3 . . . . 33 18 . 9 9 . 3 15 10 5 16 9 5 16 . . 14 7 1 1 . . AOE 81 | . . 2 . . 7 11 . 19 . . 4 . . 4 4 . . 2 6 . 6 . . 1 . . . . . . 2 13 Classes Destroyed 23 | . 5 . . 1 6 1 . 1 . 1 2 . . . 1 . . 1 . 1 . 1 . . . 1 . . . . 1 . Worker 32 | . . . . . 1 . . . . . 9 . . . 6 . . . 1 . 2 . . . . . 2 . . . 10 1 Builder 17 | . . . . . 1 . . . . . 5 . . . . . . . 2 . 1 . . . . . . 2 . . 4 2 Tunneler 3 | . . . . . . . . . . . . . . . 1 . 1 . 1 . . . . . . . . . . . . . Hauler 13 | . 2 . . . 6 . 1 . . . . . . . . . . . . . 1 . . . . . . 1 . . 2 . Recycler 19 | . . . . 2 2 . . . . . 3 . . . 2 . . . . . 2 . . . . . 2 2 . . 1 3 Mechanic 1 | . . . . . . . . . . . 1 . . . . . . . . . . . . . . . . . . . . . Operator 14 | . 2 . . . . . . . . . 1 . . . . . . . . . . . . . . . . . . 9 1 1 Watcher 15 | . 3 . . . 4 . . 1 2 . 1 1 . . . . . 1 . . . . . . . . . . . . 1 1 Swarmer 97 | . 2 3 . . 10 10 3 15 . . 1 5 . 8 3 . 4 4 . . 4 4 . 5 . . 2 . . . 3 11 Cutter 4 | . . . . . . . . . . . . . . . . . . 4 . . . . . . . . . . . . . . Saboteur 1 | . . . . . . . . . . . . . . . . . . . . . . . . . . . . . . . 1 . Grunt 165 | . 8 . . . 14 16 4 16 10 . 19 5 . . 9 . 6 7 8 . 5 5 3 9 . . 3 . . . 18 . Brawler 18 | . . . . . . 2 1 3 1 . 3 2 . . . . . 1 1 . 2 . . 2 . . . . . . . . Duelist 17 | . . . . . 2 . . . 3 . 4 1 . . 1 . . . . . 1 . . 4 . . . . . . 1 . Protector 4 | . . . . . 1 . . . . . . . . . . . . . . . . . . . . . . . . . 3 . Sentry 44 | . . . . . 9 1 1 1 1 . 5 2 . 2 . . . . . . 3 3 1 2 . . . 6 . 4 3 . Specialist 5 | . . . . . . . . 1 . . . 2 . . . . . . 2 . . . . . . . . . . . . . Hunter 29 | . . . . . 2 . . . 1 . 3 1 . 2 5 . . . 1 . 5 3 1 . . . 1 . . . 2 2 Programmer 32 | . . . . . . . . . . . 3 . . 1 . . . 1 5 . 2 1 . . . . 8 . 1 . 6 4 Heavy 2 | . . . . . . . . . . . . . . . . . . . . 1 . . . . . . . . . . 1 . Behemoth 5 | . . . . . . . . . . . . . . . . . . . . . . 1 . 2 . . . 2 . . . . Compactor 15 | . . . . . . . . . . 4 . . . . . 6 . . . 5 . . . . . . . . . . . . Cetus Guard 4 | . . . . . . . . . . . . . . . . . . . . . . . . . . . . . 4 . . . Lightning 9 | . . . . . . . . . . . . . . . . . . . . . . . . . . . . . . . 9 . Surgeon 1 | . . . . . . . . . . . . . . . . . . . . . . . . . . 1 . . . . . . Wasp 2 | . . . . . . . . . . . . . . . . . . . . . . . . . . 2 . . . . . . Thug 14 | . . . . . . . . . . . . . . . . . . . . . . . . . . 14 . . . . . . Martyr 1 | . . . . . . . . . . . . . . . . . . . . . . . . . . 1 . . . . . . Best Kill Streak 15 | . 3 3 . 1 6 4 5 8 6 1 5 3 . 4 7 1 4 4 9 1 10 7 4 4 . . 3 3 4 7 15 8 Combat Bots Only 11 | . 2 3 . . 5 4 4 8 6 1 4 3 . 4 4 1 4 4 7 1 9 7 4 4 . . 3 2 4 1 11 8 Max Kills in Single Turn 7 | . 1 2 . 1 3 3 2 4 1 1 3 2 . 3 7 1 1 2 4 1 3 2 1 2 . 2 2 1 2 1 4 5 Gunslinging 1 | . . . . . 1 . 1 1 . . . . . . . . . . . . . . . . . . . . . . 1 . Exploded 4 | . . 2 . . 3 3 . 4 . . 2 . . 3 4 . . 2 3 . 2 . . 1 . . . . . . 2 4 Melee 1 | . . . . . 1 . . . 1 1 1 . . . . 1 . . . . . 1 . 1 . . . . . . . 1 Uniques/NPCs Destroyed . | . . . . . . . . . . . . . . . . . . . . . . . . . . . . . . . . . Combat | -11 -10 -10 -10 -9 -8 -8 -8 -8 -7 -7 -7 -7 -7 -7 -6 -6 -6 -6 -5 -5 -5 -5 -5 -5 -4 -4 -4 -4 -4 -4 -4 -3 -------- Run | Scr Mat Min Exi Min Mat Gar Mat Gar Fac Was Fac Gar Fac Gar Fac Was Fac Gar Fac Was Fac Gar Fac Gar Fac Was Fac Ext Cet Arc Hub Res Damage Taken 36003 | . 405 591 . 104 1655 1339 362 862 1708 . 3127 953 231 1080 2539 54 1096 1088 2469 61 2297 4186 1178 1519 21 . 739 680 164 737 2214 2544 Core 3191 | . 45 196 . 3 143 125 27 53 148 . 219 93 16 32 133 . 75 68 122 . 102 418 54 101 . . . 45 . . 58 915 Absorbed by Shields 2001 | . . . . . . . . 27 93 . . 252 . 35 . . . 546 . . . 233 . 778 . . . 37 . . . . Reduced by Siege Mode 1824 | . . . . . . . . . . . 179 81 . 41 131 . 123 130 272 . 417 172 . . . . 31 56 . 33 107 51 Regen/Repaired (Parts) 442 | . . . . . . . . . . . 82 . 360 . . . . . . . . . . . . . . . . . . . Core Remaining (%) 49 | 100 . . . 2 . . . 36 . . . . . 27 . . . 67 . . . . . 20 . . . . . . 91 . Volleys Fired 1736 | . 50 2 3 9 104 140 20 45 39 7 118 61 4 49 79 8 39 60 56 127 60 175 34 137 . 27 36 25 9 50 144 19 Largest 3 | . 2 2 1 2 2 2 2 2 2 1 2 2 1 2 2 1 2 2 2 2 2 2 2 2 . 3 3 3 3 3 3 1 Hottest 198 | . 136 136 120 40 136 122 160 160 160 5 137 114 5 114 110 5 170 170 170 105 170 134 122 122 . 120 198 198 198 198 120 52 Shots Fired 3066 | . 100 3 3 18 200 229 40 75 71 7 222 98 4 77 127 8 69 104 90 147 108 219 50 182 . 76 83 71 27 150 389 19 Gun 1225 | . 2 . . 18 148 94 40 62 66 . 3 . . . 45 . 51 . . . . 38 . 50 . 76 . . 15 141 376 . Cannon 1351 | . 98 2 3 . 47 128 . . . . 207 83 . 58 59 . 14 89 68 42 96 55 35 105 . . 71 70 12 9 . . Launcher 63 | . . 1 . . 5 7 . 13 . . 4 . . 2 1 . . 1 6 . 7 . . . . . . . . . 1 15 Special 427 | . . . . . . . . . 5 7 8 15 4 17 22 8 4 14 16 105 5 126 15 27 . . 12 1 . . 12 4 Kinetic 1446 | . 1 . . 18 . 10 . . . . 207 83 . 58 104 . . . . . . 55 35 105 . 76 71 70 27 150 376 . Thermal 1245 | . 99 2 3 . 195 212 40 62 66 . 3 . . . . . 65 89 68 137 96 108 . . . . . . . . . . Explosive 60 | . . 1 . . 2 7 . 13 . . 4 . . 2 1 . . 1 6 . 7 . . . . . . . . . 1 15 Electromagnetic 86 | . . . . . 3 . . . . . . . . . . . . . . . . 33 . 50 . . . . . . . . Robot Hit Streak 50 | . 8 1 . 5 23 32 14 18 13 17 11 14 2 9 33 34 15 25 18 18 33 36 15 12 . 13 21 50 11 30 22 18 Robot Miss Streak 6 | . 3 2 . 2 3 3 2 3 4 1 3 3 2 4 3 3 3 2 2 4 2 5 2 3 . 3 6 1 2 3 5 1 Penetration Max 3 | . . . . . . . . . . . 3 2 . . 1 . . . . . . . . 1 . 3 . . 1 1 2 . Secondary Targets 20 | . . . . . 3 3 1 1 . . . . . . 1 . 3 . . . . . . . . . . . . . 8 . Max Gunslinging Chain 1 | . . . . . 1 1 1 1 . . . . . . 1 . 1 . . . . . . . . . . . . . 1 . Shots Hit Robots 2584 | . 59 1 . 13 163 180 37 95 83 63 154 63 2 56 111 135 54 81 67 103 97 188 37 139 . 44 60 57 19 119 270 34 Core Hits 1141 | . 17 3 . 6 79 79 27 90 46 13 87 26 . 20 47 18 18 28 35 19 54 80 8 48 . 40 21 19 10 47 130 26 Critical Kills 160 | . 1 . . . . . . . . . 32 12 . 6 4 . . . 1 . . . 5 9 . 17 . . 4 12 55 2 Critical Parts Destroyed 229 | . . . . . 1 1 . . 8 . 58 12 . 11 14 . . . . . . . 8 23 . 15 . . 3 11 58 6 Critical Strikes 464 | . 1 . . . 12 9 . . 8 3 90 25 . 18 21 4 1 . 1 1 2 13 14 39 . 34 4 4 8 30 114 8 Burn 20 | . . . . . 11 8 . . . . . . . . . . 1 . . . . . . . . . . . . . . . Meltdown 2 | . 1 . . . . . . . . . . . . . . . . . 1 . . . . . . . . . . . . . Destroy 387 | . . . . . . . . . . . 90 25 . 17 18 . . . . . . . 14 38 . 33 . . 8 30 114 . Blast 11 | . . . . . . . . . . . . . . . 2 . . . . . . 2 . . . . 4 3 . . . . Smash 18 | . . . . . 1 1 . . 8 . . . . . . . . . . . . . . . . . . . . . . 8 Sever 17 | . . . . . . . . . . 3 . . . 1 1 4 . . . 1 . 7 . . . . . . . . . . Impale 9 | . . . . . . . . . . . . . . . . . . . . . 2 4 . 1 . 1 . 1 . . . . Melee Attacks 508 | . 2 . . . 20 5 . 37 21 57 30 1 2 12 12 131 25 . 11 . 20 30 3 12 . 1 26 3 . . 4 43 Impact 75 | . . . . . 20 5 . 5 21 . . . . . . . . . . . . . . . . . . . . . . 24 Slashing 315 | . 2 . . . . . . 32 . 57 30 1 2 12 12 131 25 . 11 . . . . . . . . . . . . . Piercing 118 | . . . . . . . . . . . . . . . . . . . . . 20 30 3 12 . 1 26 3 . . 4 19 Sneak Attacks 223 | . . . . . 2 . . . . 57 4 1 . . 4 130 1 . . . 3 2 . 2 . 1 2 3 . . 2 9 Combat Hostiles 193 | . . . . . . . . . . 57 . . . . . 130 . . . . . 2 . 1 . . . . . . . 3 Follow-up Attacks . | . . . . . . . . . . . . . . . . . . . . . . . . . . . . . . . . . Damage Inflicted 68356 | 1 1214 123 . 114 3674 4767 932 4775 2151 1882 4918 1247 . 1448 3484 4030 1501 2424 2939 2302 4203 3421 380 2444 . 913 2176 2355 533 1190 3446 3369 Guns 14104 | . 13 . . 97 2052 1266 920 1247 1470 . . . . . 916 . 897 . . . . 410 . 469 . 861 . . 156 949 2381 . Cannons 25671 | . 1189 20 . . 636 2553 . . . . 3429 1185 . 646 1108 . 432 2234 1685 945 2615 813 352 1249 . . 1909 2053 377 241 . . Explosions 10796 | . . 103 . . 400 853 . 1794 . . 1003 . . 246 1114 . . 190 1172 . 1249 . . 109 . . . . . . 851 1712 Melee 14354 | . . . . . 538 95 . 1734 681 1882 360 62 . 556 342 4030 96 . . . 339 652 . 604 . 52 215 294 . . 170 1652 Ramming 534 | 1 12 . . 17 48 . 12 . . . 126 . . . 4 . 76 . 82 . . 6 28 13 . . 52 8 . . 44 5 Kinetic 18939 | . . . . 97 . 217 . . . . 3429 1185 . 646 2024 . . . . . . 813 352 1249 . 861 1909 2053 533 1190 2381 . Thermal 24192 | . 1202 20 . . 2714 3602 920 1247 1470 . 246 . . . 947 . 1329 2234 1685 2302 2615 1540 . 109 . . . . . . 10 . Explosive 8791 | . . 103 . . 250 853 . 1794 . . 669 . . 246 161 . . 190 1172 . 1249 . . . . . . . . . 392 1712 Electromagnetic 1546 | . . . . . 124 . . . . . 88 . . . 6 . . . . . . 410 . 469 . . . . . . 449 . Impact 2535 | . . . . . 538 95 . . 681 . . . . . . . . . . . . . . . . . . . . . . 1221 Slashing 9062 | . . . . . . . . 1734 . 1882 360 62 . 556 342 4030 96 . . . . . . . . . . . . . . . Piercing 2757 | . . . . . . . . . . . . . . . . . . . . . 339 652 . 604 . 52 215 294 . . 170 431 Highest Corruption 12 | . . . . . . . . . 5 5 5 2 2 1 . . 4 4 10 10 12 12 12 12 . 1 4 4 4 4 3 5 Average Corruption 6 | . . . . . . . . . 4 5 2 2 1 1 . . 3 4 4 10 10 12 12 12 . 1 2 4 4 3 2 3 Corruption Purged 15 | . . . . . . . . . . . 9 . 2 . . . . . . . . . . . . . . . . 4 . . Corruption Blocked . | . . . . . . . . . . . . . . . . . . . . . . . . . . . . . . . . . Effects 771 | . . . . . . . . . 9 22 17 39 . 18 . . 1 58 24 56 79 141 32 161 . 9 19 39 6 9 17 15 Message Errors 187 | . . . . . . . . . 2 3 5 8 . 6 . . . 11 5 16 16 38 14 40 . 2 6 6 1 3 1 4 Matter Fused 175 | . . . . . . . . . 3 7 4 11 . 6 . . . 11 4 13 18 25 8 34 . 3 6 12 2 2 4 2 Heat Flow Errors 108 | . . . . . . . . . . 3 2 6 . . . . . 8 5 9 12 24 . 26 . 2 1 7 1 . 1 1 Energy Discharges 95 | . . . . . . . . . 1 3 2 2 . 3 . . 1 10 2 4 9 21 5 21 . . 2 2 2 1 4 . Parts Rejected 8 | . . . . . . . . . 1 . . . . . . . . . . 2 1 . 1 1 . . . . . . . 2 Data Loss (minor) 108 | . . . . . . . . . 2 2 1 6 . 1 . . . 8 5 4 15 20 2 24 . 1 2 8 . . 3 4 Data Loss (major) 39 | . . . . . . . . . . 2 2 2 . 1 . . . 6 3 1 4 3 1 7 . 1 1 2 . 1 . 2 Misfires 26 | . . . . . . . . . . . 1 1 . 1 . . . 4 . 7 2 4 . 3 . . . 1 . 1 1 . Alerts 16 | . . . . . . . . . . 2 . 3 . . . . . . . . . 3 . 5 . . 1 1 . . 1 . Weapon Failures 9 | . . . . . . . . . . . . . . . . . . . . . 2 3 1 . . . . . . 1 2 . Overload Shots . | . . . . . . . . . . . . . . . . . . . . . . . . . . . . . . . . . Overflow Damage 2912 | . 29 1 . . 281 204 . 143 287 . 105 27 . 80 194 . . 19 39 . 161 163 . 137 . 29 160 24 55 . 56 718 Projectiles 424 | . 29 . . . 1 90 . . . . 27 . . . 1 . . 19 26 . 29 10 . . . . 113 24 55 . . . Explosions 518 | . . 1 . . 4 59 . 60 . . 17 . . . 131 . . . 3 . 69 . . . . . . . . . 56 118 Melee 1970 | . . . . . 276 55 . 83 287 . 61 27 . 80 62 . . . 10 . 63 153 . 137 . 29 47 . . . . 600 Knockbacks 136 | . . . . . 3 1 . . 1 . 39 9 . 6 22 . . . . . . 27 3 8 . . 10 . 3 . . 4 Impact 10 | . . . . . 3 1 . . 1 . 1 . . . . . . . . . . . . . . . . . . . . 4 Kinetic 117 | . . . . . . . . . . . 37 8 . 6 18 . . . . . . 24 3 8 . . 10 . 3 . . . Secondary 9 | . . . . . . . . . . . 1 1 . . 4 . . . . . . 3 . . . . . . . . . . Self-Inflicted Damage 335 | . . 47 . . 12 . . 18 . . 88 . . . . . . . 41 . 39 . . . . . . . . . 7 83 Shots 13 | . . 1 . . 1 . . 1 . . 3 . . . . . . . 1 . 2 . . . . . . . . . 1 3 Rammed 36 | 1 3 . . . 3 . 2 . . . 8 . . . 1 . 3 . 5 . . 1 1 1 . . 2 1 . . 2 2 Targets Rammed 47 | 1 3 . . 5 6 . 2 . . . 9 . . . 2 . 3 . 5 . . 1 1 1 . . 3 1 . . 2 2 Kicked 8 | . . . . 5 3 . . . . . . . . . . . . . . . . . . . . . . . . . . . Crushed 3 | . . . . . . . . . . . 1 . . . 1 . . . . . . . . . . . 1 . . . . . Highest Temperature 461 | . 236 33 210 . 291 306 357 304 224 185 405 252 . 252 313 . 45 276 173 168 212 461 . 247 . 320 230 264 288 125 287 146 Average Temperature 81 | . 107 22 108 . 66 73 89 58 51 88 125 90 . 47 121 . 25 82 85 68 61 145 . 76 . 124 90 80 96 22 73 77 Received Heat Transfer 7572 | . 207 . . 33 630 783 135 306 504 . 780 246 135 90 630 . 270 262 405 . 291 467 342 353 . . 51 111 . 63 442 36 Effects 6 | . . . . . . . . . . . . . . . . . . . . . . 5 . . . . . . . . 1 . Shutdowns 1 | . . . . . . . . . . . . . . . . . . . . . . 1 . . . . . . . . . . Energy Bleed 2 | . . . . . . . . . . . . . . . . . . . . . . 1 . . . . . . . . 1 . Interference 3 | . . . . . . . . . . . . . . . . . . . . . . 3 . . . . . . . . . . Siege Activations 120 | . . . . . . . . . . . 21 9 . 7 11 . 4 9 8 . 5 3 . . . . 12 5 2 5 16 3 Total Turns 2345 | . . . . . . . . . . . 301 192 . 155 242 . 111 225 155 . 143 54 . . . . 92 77 26 148 386 38 Longest Duration 81 | . . . . . . . . . . . 51 81 . 47 81 . 44 59 44 . 61 37 . . . . 20 24 18 57 69 22 Robots Corrupted 5 | . . . . . . . . . . . . . . . . . . . . . . 1 . 2 . . . . . . 2 . Combat Hostiles 4 | . . . . . . . . . . . . . . . . . . . . . . 1 . 2 . . . . . . 1 . Parts Fried 31 | . . . . . 6 . . . 4 . . . . . . . . . 2 . . 1 . 3 . . . . . . 6 9 Impact Corruptions 37 | . . . . . 9 2 . . 8 . . . . . . . . . 1 . . . . . . . . . . . . 17 Robots Melted 8 | . 2 . . . 1 3 . 1 . . . . . . . . . . 1 . . . . . . . . . . . . . Combat Hostiles 7 | . 2 . . . 1 2 . 1 . . . . . . . . . . 1 . . . . . . . . . . . . . Parts Melted 69 | . 7 . . . 19 9 1 5 4 . . . . . . . 2 5 4 . 11 2 . . . . . . . . . . Heat Transferred 41240 | . 2183 37 . . 6410 6771 1900 2850 3189 . 250 . . . 550 . 1998 2553 1813 4181 3034 3441 . 50 . . . . . . 30 . Parts Sabotaged . | . . . . . . . . . . . . . . . . . . . . . . . . . . . . . . . . . Parts Stolen . | . . . . . . . . . . . . . . . . . . . . . . . . . . . . . . . . . Parts Stripped . | . . . . . . . . . . . . . . . . . . . . . . . . . . . . . . . . . Power Chain Reactions 9 | . . . . . 2 . . . . . 2 . . . . . . . . . . . . 2 . . . . . . 3 . Missiles Intercepted . | . . . . . . . . . . . . . . . . . . . . . . . . . . . . . . . . . Alert | -11 -10 -10 -10 -9 -8 -8 -8 -8 -7 -7 -7 -7 -7 -7 -6 -6 -6 -6 -5 -5 -5 -5 -5 -5 -4 -4 -4 -4 -4 -4 -4 -3 ------- Run | Scr Mat Min Exi Min Mat Gar Mat Gar Fac Was Fac Gar Fac Gar Fac Was Fac Gar Fac Was Fac Gar Fac Gar Fac Was Fac Ext Cet Arc Hub Res Peak Influence 1754 | . 170 120 . 30 670 1386 886 1754 1170 191 1339 1614 842 1187 787 239 501 937 710 208 589 1271 712 723 557 187 190 184 124 189 1550 807 Initial 937 | . . 15 . . 7 432 675 575 920 191 . 937 842 465 623 239 . 73 491 190 . 381 667 37 379 187 . 84 10 49 . 795 Average 575 | . 41 14 . 8 255 1093 795 1439 910 70 808 1467 793 953 371 58 140 656 380 51 293 886 210 476 422 31 67 52 84 79 309 438 Maximum Alert Level 5 | . . . . . 2 4 3 5 4 . 4 5 3 4 3 1 2 3 3 1 2 4 3 3 2 . . . . . 4 3 Low Security (%) 36 | 100 100 100 . 100 51 . . . . 100 11 . . . 30 78 72 8 24 86 31 . 61 21 . 100 100 100 100 100 67 . Level 1 10 | . . . . . 25 . . . . . 1 . . . 33 21 19 8 26 13 29 2 16 17 79 . . . . . 14 43 Level 2 15 | . . . . . 22 11 6 7 30 . 16 . 12 16 19 . 7 38 47 . 39 32 20 28 20 . . . . . 3 56 Level 3 19 | . . . . . . 36 93 16 59 . 57 7 87 48 16 . . 44 1 . . 32 . 32 . . . . . . . . Level 4 13 | . . . . . . 52 . 33 9 . 13 43 . 34 . . . . . . . 33 . . . . . . . . 13 . Level 5 5 | . . . . . . . . 41 . . . 48 . . . . . . . . . . . . . . . . . . . . High Security . | . . . . . . . . . . . . . . . . . . . . . . . . . . . . . . . . . Max Security . | . . . . . . . . . . . . . . . . . . . . . . . . . . . . . . . . . Squads Dispatched 120 | . 3 . . . 11 . 5 . 6 . 21 . 3 . 13 . 9 . 12 . 10 . 4 . 1 . 5 1 . . 11 5 Investigation 21 | . 1 . . . 2 . 1 . 1 . 2 . . . 3 . 3 . 5 . . . 1 . . . . 1 . . . 1 Extermination 25 | . . . . . . . . . 1 . 5 . . . 1 . 2 . 3 . 3 . 1 . . . 3 . . . 4 2 Reinforcement 38 | . 2 . . . 3 . 1 . 2 . 7 . . . 2 . 2 . 3 . 4 . 2 . 1 . 2 . . . 5 2 Assault 19 | . . . . . 3 . . . 2 . 7 . 1 . 2 . . . 1 . 1 . . . . . . . . . 2 . Garrison 17 | . . . . . 3 . 3 . . . . . 2 . 5 . 2 . . . 2 . . . . . . . . . . . Intercept . | . . . . . . . . . . . . . . . . . . . . . . . . . . . . . . . . . Searches Triggered . | . . . . . . . . . . . . . . . . . . . . . . . . . . . . . . . . . Construction Impeded 8 | . . . . . . . . . . . 1 . . . . . 1 . 1 . 4 . . . . . . . . . 1 . Haulers Reinforced 6 | . . . . . . . . . 1 . 1 . . . 1 . 1 . . . . . . . . . . . . . 2 . Active Scanning Responses . | . . . . . . . . . . . . . . . . . . . . . . . . . . . . . . . . . Cargo Convoy Interrupts 1 | . . . . . . . . . . . . . . . . . . . 1 . . . . . . . . . . . . . Stealth | -11 -10 -10 -10 -9 -8 -8 -8 -8 -7 -7 -7 -7 -7 -7 -6 -6 -6 -6 -5 -5 -5 -5 -5 -5 -4 -4 -4 -4 -4 -4 -4 -3 --------- Run | Scr Mat Min Exi Min Mat Gar Mat Gar Fac Was Fac Gar Fac Gar Fac Was Fac Gar Fac Was Fac Gar Fac Gar Fac Was Fac Ext Cet Arc Hub Res Distress Signals 39 | . . . . . 3 . 3 . 2 . 6 1 . . . . 3 2 1 . 4 . . . . . 2 2 1 . 7 2 Communications Jammed 27 | . . . . . . . . . . . . . . . . . . . . . . . . . . . 16 11 . . . . Distress Signals 27 | . . . . . . . . . . . . . . . . . . . . . . . . . . . 16 11 . . . . Times Spotted 820 | . 15 15 . 3 54 36 17 37 34 5 93 28 10 31 48 6 22 35 30 4 35 39 14 43 5 2 24 13 4 9 66 43 Peak Tracking Total 12 | . 3 12 . 2 5 3 6 8 7 1 6 5 9 4 5 2 4 4 6 2 7 8 5 4 2 1 4 3 5 1 7 8 Tactical Retreats 69 | . . . . . 5 5 2 2 . . 15 . . 5 6 . 1 3 2 . . 4 1 6 . . 1 . . . 5 6 Traps | -11 -10 -10 -10 -9 -8 -8 -8 -8 -7 -7 -7 -7 -7 -7 -6 -6 -6 -6 -5 -5 -5 -5 -5 -5 -4 -4 -4 -4 -4 -4 -4 -3 ------- Run | Scr Mat Min Exi Min Mat Gar Mat Gar Fac Was Fac Gar Fac Gar Fac Was Fac Gar Fac Was Fac Gar Fac Gar Fac Was Fac Ext Cet Arc Hub Res Traps Triggered 70 | . . . . . 1 10 . 10 2 . 4 1 . 6 3 . 2 3 2 . 1 11 1 4 1 . 1 2 . . 3 2 Indirectly 1 | . . . . . 1 . . . . . . . . . . . . . . . . . . . . . . . . . . . Trap Hack Attempts . | . . . . . . . . . . . . . . . . . . . . . . . . . . . . . . . . . Triggered . | . . . . . . . . . . . . . . . . . . . . . . . . . . . . . . . . . Disarmed . | . . . . . . . . . . . . . . . . . . . . . . . . . . . . . . . . . Reprogrammed . | . . . . . . . . . . . . . . . . . . . . . . . . . . . . . . . . . Reused 2 | . . . . 2 . . . . . . . . . . . . . . . . . . . . . . . . . . . . Traps Extracted . | . . . . . . . . . . . . . . . . . . . . . . . . . . . . . . . . . Installed 2 | . . . . 2 . . . . . . . . . . . . . . . . . . . . . . . . . . . . Triggered 6 | . . . . 2 1 . . . . . . . . . . . . . . . . . . 2 . . . . . . . 1 Most Traps Carried 1 | . . . . 1 . . . . . . . . . . . . . . . . . . . . . . . . . . . . Machines | -11 -10 -10 -10 -9 -8 -8 -8 -8 -7 -7 -7 -7 -7 -7 -6 -6 -6 -6 -5 -5 -5 -5 -5 -5 -4 -4 -4 -4 -4 -4 -4 -3 ---------- Run | Scr Mat Min Exi Min Mat Gar Mat Gar Fac Was Fac Gar Fac Gar Fac Was Fac Gar Fac Was Fac Gar Fac Gar Fac Was Fac Ext Cet Arc Hub Res Machines Disabled 140 | . 1 . . . 2 5 . 6 . . 11 5 . 4 20 . 6 5 . . 2 4 . 5 4 . 4 4 . 3 45 4 Max in Single Turn 27 | . 1 . . . 1 1 . 1 . . 4 1 . 1 16 . 1 1 . . 1 1 . 1 . . 1 1 . 1 27 1 Garrison Access 3 | . . . . . . . . . . . 1 . . . 1 . . . . . . . . . . . . . . . . 1 Garrison Relay 31 | . . . . . . 5 . 5 . . . 4 . 4 . . . 4 . . . 4 . 5 . . . . . . . . Network Hub 3 | . . . . . . . . . . . . . . . . . . . . . . . . . . . . . . . 3 . Energy Cycler 2 | . . . . . . . . . . . . . . . . . . . . . . . . . . . . 2 . . . . Machines Sabotaged . | . . . . . . . . . . . . . . . . . . . . . . . . . . . . . . . . . Garrisons Compromised . | . . . . . . . . . . . . . . . . . . . . . . . . . . . . . . . . . Overloaded Fab Kills . | . . . . . . . . . . . . . . . . . . . . . . . . . . . . . . . . . Hacking | -11 -10 -10 -10 -9 -8 -8 -8 -8 -7 -7 -7 -7 -7 -7 -6 -6 -6 -6 -5 -5 -5 -5 -5 -5 -4 -4 -4 -4 -4 -4 -4 -3 --------- Run | Scr Mat Min Exi Min Mat Gar Mat Gar Fac Was Fac Gar Fac Gar Fac Was Fac Gar Fac Was Fac Gar Fac Gar Fac Was Fac Ext Cet Arc Hub Res Machines Accessed 122 | . 5 1 2 . 10 . 3 . 6 . 16 . 2 . 15 . 16 . 10 . 12 . 2 . . . . 1 . . 11 10 Terminals 66 | . 4 . . . 7 . 1 . 3 . 8 . . . 6 . 9 . 5 . 7 . . . . . . 1 . . 10 5 Fabricators 18 | . . . . . . . . . 2 . 2 . . . 3 . 3 . 2 . 4 . . . . . . . . . . 2 Repair Stations 3 | . . . . . . . . . . . 1 . 1 . . . 1 . . . . . . . . . . . . . . . Recycling Units 14 | . 1 . . . 2 . 1 . 1 . 3 . . . 2 . 1 . 1 . . . 1 . . . . . . . . 1 Scanalyzers 2 | . . . . . . . . . . . . . . . 1 . . . . . . . . . . . . . . . . 1 Garrison Access 16 | . . . . . 1 . 1 . . . 2 . 1 . 3 . 2 . 2 . 1 . 1 . . . . . . . 1 1 Total Hacks 366 | . 15 1 24 . 27 . 4 . 18 . 33 . 3 . 48 . 41 . 25 . 25 . 2 . . . . 3 . . 24 73 Successful 229 | . 9 1 24 . 13 . 3 . 15 . 11 . 3 . 25 . 26 . 16 . 14 . 2 . . . . 2 . . 11 54 Failed 136 | . 6 . . . 14 . 1 . 3 . 22 . . . 22 . 15 . 9 . 11 . . . . . . 1 . . 13 19 Catastrophic 27 | . 1 . . . 2 . . . 1 . 6 . . . 1 . 2 . 3 . 4 . . . . . . 1 . . 5 1 Database Lockouts 1 | . . . . . . . . . . . . . . . 1 . . . . . . . . . . . . . . . . . Manual 189 | . 11 . 1 . 16 . 3 . 10 . 9 . . . 29 . 21 . 13 . 16 . 1 . . . . 2 . . 11 46 Terminals 203 | . 14 . . . 18 . 2 . 9 . 16 . . . 25 . 24 . 11 . 16 . . . . . . 3 . . 22 43 Fabricators 49 | . . . . . . . . . 4 . 4 . . . 10 . 10 . 7 . 7 . . . . . . . . . . 7 Repair Stations 6 | . . . . . . . . . . . 3 . 2 . . . 1 . . . . . . . . . . . . . . . Recycling Units 37 | . 1 . . . 7 . 1 . 5 . 8 . . . 4 . 2 . 2 . . . 1 . . . . . . . . 6 Scanalyzers 14 | . . . . . . . . . . . . . . . 2 . . . . . . . . . . . . . . . . 12 Garrison Access 32 | . . . . . 2 . 1 . . . 2 . 1 . 7 . 4 . 5 . 2 . 1 . . . . . . . 2 5 Terminal Hacks 94 | . 5 1 24 . 3 . . . 4 . 5 . . . 5 . 10 . 4 . 4 . . . . . . 2 . . 6 21 Record 23 | . . . 23 . . . . . . . . . . . . . . . . . . . . . . . . . . . . . Part Schematic 12 | . . . . . . . . . 1 . . . . . 1 . . . . . 1 . . . . . . 1 . . . 8 Robot Analysis 5 | . . . . . . . . . . . . . . . 1 . 4 . . . . . . . . . . . . . . . Open Door 1 | . . 1 . . . . . . . . . . . . . . . . . . . . . . . . . . . . . . Open DSF 2 | . . . . . . . . . . . 1 . . . . . . . . . 1 . . . . . . . . . . . Branch Access Points 1 | . . . . . . . . . . . . . . . . . . . . . . . . . . . . . . . . 1 Machine Index 2 | . . . . . . . . . . . . . . . . . . . 1 . . . . . . . . . . . . 1 Garrison Index 1 | . . . . . . . . . . . . . . . . . . . . . 1 . . . . . . . . . . . Unreport Threat 8 | . . . . . 1 . . . . . . . . . . . 2 . . . . . . . . . . . . . 2 3 Locate Traps 21 | . 4 . . . 2 . . . 1 . 2 . . . 2 . 1 . 1 . 1 . . . . . . 1 . . 4 2 Recall Investigation 1 | . . . . . . . . . . . . . . . . . . . . . . . . . . . . . . . . 1 Recall Extermination 4 | . . . . . . . . . 1 . . . . . . . 2 . . . . . . . . . . . . . . 1 Recall Reinforcements 1 | . . . . . . . . . . . . . . . . . . . . . . . . . . . . . . . . 1 Hauler Manifests 5 | . 1 . . . . . . . 1 . . . . . 1 . . . 1 . . . . . . . . . . . . 1 Zone Layout 6 | . . . . . . . . . . . 2 . . . . . 1 . 1 . . . . . . . . . . . . 2 EX-Prototype ID Bank 1 | . . . 1 . . . . . . . . . . . . . . . . . . . . . . . . . . . . . Fabricator Hacks 25 | . . . . . . . . . 3 . 1 . . . 5 . 6 . 3 . 1 . . . . . . . . . . 6 Network Status 8 | . . . . . . . . . 1 . 1 . . . 2 . 1 . 1 . 1 . . . . . . . . . . 1 Load Schematic 10 | . . . . . . . . . 1 . . . . . 2 . 3 . 1 . . . . . . . . . . . . 3 Build 7 | . . . . . . . . . 1 . . . . . 1 . 2 . 1 . . . . . . . . . . . . 2 Repair Station Hacks 4 | . . . . . . . . . . . 2 . 2 . . . . . . . . . . . . . . . . . . . Scan Component 2 | . . . . . . . . . . . 1 . 1 . . . . . . . . . . . . . . . . . . . Repair 2 | . . . . . . . . . . . 1 . 1 . . . . . . . . . . . . . . . . . . . Recycling Unit Hacks 6 | . . . . . 1 . . . 1 . 1 . . . . . . . . . . . . . . . . . . . . 3 Process 1 | . . . . . . . . . . . . . . . . . . . . . . . . . . . . . . . . 1 Report Inventory 2 | . . . . . . . . . 1 . . . . . . . . . . . . . . . . . . . . . . 1 Retrieve Matter 1 | . . . . . . . . . . . . . . . . . . . . . . . . . . . . . . . . 1 Retrieve Components 2 | . . . . . 1 . . . . . 1 . . . . . . . . . . . . . . . . . . . . . Scanalyzer 13 | . . . . . . . . . . . . . . . 2 . . . . . . . . . . . . . . . . 11 Insert Component 5 | . . . . . . . . . . . . . . . 1 . . . . . . . . . . . . . . . . 4 Analyze 8 | . . . . . . . . . . . . . . . 1 . . . . . . . . . . . . . . . . 7 Garrison Access Hacks 19 | . . . . . 1 . 1 . . . 2 . 1 . 4 . 2 . 3 . 2 . 1 . . . . . . . 1 1 Unlock Access 12 | . . . . . 1 . 1 . . . 2 . 1 . 2 . 1 . 1 . 1 . 1 . . . . . . . 1 . Seal Access 1 | . . . . . . . . . . . . . . . . . . . . . . . . . . . . . . . . 1 Coupler Status 6 | . . . . . . . . . . . . . . . 2 . 1 . 2 . 1 . . . . . . . . . . . Unauthorized Hacks 68 | . 4 . . . 8 . 2 . 7 . . . . . 9 . 8 . 6 . 7 . 1 . . . . . . . 4 12 Terminals 35 | . 3 . . . 5 . 1 . 3 . . . . . 4 . 3 . 2 . 4 . . . . . . . . . 4 6 Track 1 | . . . . . . . . . . . . . . . . . . . . . . . . . . . . . . . . 1 Assimilate 2 | . . . . . . . . . . . . . . . . . . . . . 1 . . . . . . . . . . 1 Botnet 21 | . 2 . . . 4 . 1 . 2 . . . . . 2 . 2 . 1 . 2 . . . . . . . . . 2 3 Detonate 2 | . . . . . . . . . . . . . . . . . . . . . . . . . . . . . . . 2 . Disrupt 1 | . . . . . . . . . . . . . . . 1 . . . . . . . . . . . . . . . . . Operators 8 | . 1 . . . 1 . . . 1 . . . . . 1 . 1 . 1 . 1 . . . . . . . . . . 1 Fabricators 10 | . . . . . . . . . . . . . . . 1 . 3 . 2 . 3 . . . . . . . . . . 1 Prioritize 3 | . . . . . . . . . . . . . . . 1 . 1 . 1 . . . . . . . . . . . . . Fabnet 5 | . . . . . . . . . . . . . . . . . 1 . 1 . 3 . . . . . . . . . . . Recompile 2 | . . . . . . . . . . . . . . . . . 1 . . . . . . . . . . . . . . 1 Repair Stations . | . . . . . . . . . . . . . . . . . . . . . . . . . . . . . . . . . Recycling Units 15 | . 1 . . . 3 . 1 . 4 . . . . . 1 . 1 . . . . . 1 . . . . . . . . 3 Monitor 2 | . . . . . . . . . 1 . . . . . . . . . . . . . . . . . . . . . . 1 Reject 3 | . . . . . 1 . . . 1 . . . . . . . . . . . . . . . . . . . . . . 1 Recyclers 2 | . . . . . . . . . 1 . . . . . . . . . . . . . . . . . . . . . . 1 Mask 4 | . . . . . 1 . . . 1 . . . . . 1 . 1 . . . . . . . . . . . . . . . Tunnel 4 | . 1 . . . 1 . 1 . . . . . . . . . . . . . . . 1 . . . . . . . . . Scanalyzers . | . . . . . . . . . . . . . . . . . . . . . . . . . . . . . . . . . Garrison Access 8 | . . . . . . . . . . . . . . . 3 . 1 . 2 . . . . . . . . . . . . 2 Broadcast 2 | . . . . . . . . . . . . . . . 1 . . . . . . . . . . . . . . . . 1 Decoy 1 | . . . . . . . . . . . . . . . . . 1 . . . . . . . . . . . . . . . Redirect 1 | . . . . . . . . . . . . . . . . . . . 1 . . . . . . . . . . . . . Reprogram 1 | . . . . . . . . . . . . . . . 1 . . . . . . . . . . . . . . . . . Intercept 1 | . . . . . . . . . . . . . . . 1 . . . . . . . . . . . . . . . . . Watchers 1 | . . . . . . . . . . . . . . . . . . . . . . . . . . . . . . . . 1 Eject 1 | . . . . . . . . . . . . . . . . . . . 1 . . . . . . . . . . . . . Data Cores Recovered 1 | . . . . . . . . . . . . . . . 1 . . . . . . . . . . . . . . . . . Used . | . . . . . . . . . . . . . . . . . . . . . . . . . . . . . . . . . Hacking Detections 98 | . 4 . . . 8 . 1 . 5 . 13 . . . 11 . 16 . 10 . 11 . 1 . . . . 1 . . 11 6 Full Trace Events 11 | . . . . . 1 . . . 1 . 2 . . . 2 . 2 . 3 . . . . . . . . . . . . . Feedback Events . | . . . . . . . . . . . . . . . . . . . . . . . . . . . . . . . . . Feedback Blocked . | . . . . . . . . . . . . . . . . . . . . . . . . . . . . . . . . . Robot Schematics Acquired . | . . . . . . . . . . . . . . . . . . . . . . . . . . . . . . . . . Robots Built . | . . . . . . . . . . . . . . . . . . . . . . . . . . . . . . . . . Authchips . | . . . . . . . . . . . . . . . . . . . . . . . . . . . . . . . . . Time . | . . . . . . . . . . . . . . . . . . . . . . . . . . . . . . . . . Total Robot Build Rating . | . . . . . . . . . . . . . . . . . . . . . . . . . . . . . . . . . Part Schematics Acquired 17 | . . . . . . . . . 1 . . . . . 2 . . . . . 1 . . . . . . 1 . . . 12 Parts Built 9 | . . . . . . . . . 1 . . . . . 1 . 2 . 1 . . . . . . . . . . . . 4 Authchips 2 | . . . . . . . . . . . . . . . . . . . . . . . . . . . . . . . . 2 Time 500 | . . . . . . . . . 28 . . . . . 76 . 228 . 76 . . . . . . . . . . . . 92 Total Part Build Rating 60 | . . . . . . . . . 4 . . . . . 5 . 10 . 5 . . . . . . . . . . . . 36 Parts Repaired 2 | . . . . . . . . . . . 1 . 1 . . . . . . . . . . . . . . . . . . . Time 134 | . . . . . . . . . . . 78 . 56 . . . . . . . . . . . . . . . . . . . Parts Recycled . | . . . . . . . . . . . . . . . . . . . . . . . . . . . . . . . . . Recycled Matter 428 | . . . . . . . . . . . . . . . . . . . . . . . . . . . . . . . . 428 Retrieved Matter 428 | . . . . . . . . . . . . . . . . . . . . . . . . . . . . . . . . 428 Retrieved Components 19 | . . . . . 10 . . . . . 9 . . . . . . . . . . . . . . . . . . . . . Parts Scanalyzed 5 | . . . . . . . . . . . . . . . 1 . . . . . . . . . . . . . . . . 4 Part Schematics Acquired 5 | . . . . . . . . . . . . . . . 1 . . . . . . . . . . . . . . . . 4 Parts Damaged 1 | . . . . . . . . . . . . . . . . . . . . . . . . . . . . . . . . 1 Bothacking | -11 -10 -10 -10 -9 -8 -8 -8 -8 -7 -7 -7 -7 -7 -7 -6 -6 -6 -6 -5 -5 -5 -5 -5 -5 -4 -4 -4 -4 -4 -4 -4 -3 ------------ Run | Scr Mat Min Exi Min Mat Gar Mat Gar Fac Was Fac Gar Fac Gar Fac Was Fac Gar Fac Was Fac Gar Fac Gar Fac Was Fac Ext Cet Arc Hub Res Used RIF Installer 7 | . . . . . . 1 . 1 . . . 1 . 1 . . . 1 . . . 1 . 1 . . . . . . . . Coupler Efficiency 1 | . . . . . . . . . . . . . . 1 . . . . . . . . . . . . . . . . . . Hotswap 1 | . . . . . . . . . . . . . . . . . . . . . . 1 . . . . . . . . . . Threat Obfuscator 1 | . . . . . . . . . . . . . . . . . . . . . . . . 1 . . . . . . . . Signal Jammer 1 | . . . . . . . . . . . . . . . . . . 1 . . . . . . . . . . . . . . Zone Cloak 1 | . . . . . . . . . . . . 1 . . . . . . . . . . . . . . . . . . . . Structural Interface 1 | . . . . . . . . 1 . . . . . . . . . . . . . . . . . . . . . . . . Robots Hacked 147 | . . . . . . . . . 2 6 4 10 1 9 10 6 3 11 7 6 4 11 5 16 1 . 12 5 . 1 14 3 Non-combat 34 | . . . . . . . . . 2 . 4 . 1 . 6 . 3 . 4 . 2 . 1 . . . 6 1 . . 3 1 Combat 113 | . . . . . . . . . . 6 . 10 . 9 4 6 . 11 3 6 2 11 4 16 1 . 6 4 . 1 11 2 Robot Hacks Applied 154 | . . . . . . . . . 4 6 6 10 1 9 14 7 4 11 11 8 3 11 12 16 . . 10 1 . . 6 4 parse_system 4 | . . . . . . . . . . . . . . . . 1 . . . 1 . . . . . . . . . . 2 . no_distress 7 | . . . . . . . . . . . 1 . . . . . . . . . 2 . . . . . 1 . . . 3 . find_chute 2 | . . . . . . . . . . . . . . . 1 . . . 1 . . . . . . . . . . . . . ignore_repairs 5 | . . . . . . . . . . . . . 1 . 1 . . . . . . . . . . . 3 . . . . . find_fabricator 1 | . . . . . . . . . . . 1 . . . . . . . . . . . . . . . . . . . . . drop_inventory 1 | . . . . . . . . . . . 1 . . . . . . . . . . . . . . . . . . . . . find_recycling 2 | . . . . . . . . . . . . . . . 1 . . . 1 . . . . . . . . . . . . . ignore_parts 6 | . . . . . . . . . . . . . . . . . . . 2 . . . . . . . 3 1 . . . . purge_threat 19 | . . . . . . . . . 3 . 1 . . . 4 . 1 . 3 . . . 5 . . . . . . . . 2 find_terminals 1 | . . . . . . . . . . . . . . . . . . . . . . . . . . . . . . . . 1 locate_traps 2 | . . . . . . . . . . . 1 . . . . . . . . . . . 1 . . . . . . . . . disarm_traps 1 | . . . . . . . . . . . . . . . . . . . . . . . 1 . . . . . . . . . reprogram_traps 1 | . . . . . . . . . . . . . . . . . . . . . . . . . . . . . . . . 1 block_reporting 4 | . . . . . . . . . . . . . . . 2 . 2 . . . . . . . . . . . . . . . clear_recycling 1 | . . . . . . . . . . . . . . . . . . . . . . . 1 . . . . . . . . . map_route 4 | . . . . . . . . . 1 . 1 . . . 1 . 1 . . . . . . . . . . . . . . . ignore_targets 19 | . . . . . . . . . . 6 . . . . . 6 . . . 7 . . . . . . . . . . . . find_garrison 3 | . . . . . . . . . . . . . . . 1 . . . 1 . . . 1 . . . . . . . . . scatter_targeting 1 | . . . . . . . . . . . . . . . . . . . . . . 1 . . . . . . . . . . amplify_resonance 6 | . . . . . . . . . . . . . . 1 2 . . . . . . 1 . 2 . . . . . . . . wipe_record 1 | . . . . . . . . . . . . . . . . . . . . . . 1 . . . . . . . . . . disable_weapons 2 | . . . . . . . . . . . . 1 . . . . . . . . . . . 1 . . . . . . . . reboot_system 2 | . . . . . . . . . . . . . . . . . . . . . . . . 1 . . 1 . . . . . overwrite_iff 9 | . . . . . . . . . . . . 1 . 1 . . . . . . . 2 2 3 . . . . . . . . streamctrl_high 1 | . . . . . . . . . . . . . . . . . . . . . . 1 . . . . . . . . . . formatsys_high 49 | . . . . . . . . . . . . 8 . 7 1 . . 11 3 . 1 5 1 9 . . 2 . . . 1 . Relay Couplers Released 139 | . . . . . . 22 . 24 . . 2 15 . 14 2 . . 17 4 . . 15 . 20 . . 4 . . . . . Ejected 4 | . . . . . . . . . . . . . . . . . . . 4 . . . . . . . . . . . . . Machine Destruction 131 | . . . . . . 22 . 24 . . 2 15 . 14 2 . . 17 . . . 15 . 20 . . . . . . . . Programmers 4 | . . . . . . . . . . . . . . . . . . . . . . . . . . . 4 . . . . . Attached 44 | . . . . . . . . . 2 1 1 5 . 4 3 . 1 7 4 1 2 4 2 3 . . 3 . . . . 1 Fabnet Peak Effective % 13 | . . . . . . . . . . . . . . . . . . . 3 3 3 3 3 3 13 13 13 13 13 13 13 4 Autooverrided 25 | . . . . . . . . . . . . . . . . . . . . . 1 1 1 1 1 . 3 4 . 1 10 2 Robots Rewired 33 | . . . . . . 6 . 5 . . . . . . . . . . . . . 6 . 1 . . . 15 . . . . Allies Hacked 3 | . . . . . . . . . . . . . . . . . . . . . 1 . . . . . . 1 . . 1 . Hacks Repelled . | . . . . . . . . . . . . . . . . . . . . . . . . . . . . . . . . . Allies | -11 -10 -10 -10 -9 -8 -8 -8 -8 -7 -7 -7 -7 -7 -7 -6 -6 -6 -6 -5 -5 -5 -5 -5 -5 -4 -4 -4 -4 -4 -4 -4 -3 -------- Run | Scr Mat Min Exi Min Mat Gar Mat Gar Fac Was Fac Gar Fac Gar Fac Was Fac Gar Fac Was Fac Gar Fac Gar Fac Was Fac Ext Cet Arc Hub Res Total Allies 202 | . . . . . . 6 . 5 . 19 . 9 . 8 3 18 . 11 3 18 3 15 4 14 1 20 5 26 . 1 11 2 Largest Group 20 | . . . . . . 6 5 5 5 18 17 5 5 6 6 18 18 11 12 18 18 8 8 4 4 20 3 15 1 1 2 1 Highest-Rated Group 821 | . . . . . . 45 40 66 66 444 430 128 128 92 127 638 638 334 383 638 638 252 232 170 121 821 109 665 51 64 186 64 Highest-Rated Ally 137 | . . . . . . 10 10 18 18 35 35 32 32 16 47 50 50 32 137 137 85 49 29 85 85 50 56 56 51 64 137 64 Total Orders 125 | . . . . 1 . 11 3 1 . . 22 7 . 6 . . 2 21 5 2 . 8 2 11 . . 2 9 1 . 11 . STAY 57 | . . . . . . 6 2 1 . . 1 4 . 3 . . . 10 3 1 . 5 1 6 . . 2 5 1 . 6 . FOLLOW 45 | . . . . . . 5 1 . . . 1 3 . 3 . . . 11 2 1 . 3 1 5 . . . 4 . . 5 . EXPLORE 20 | . . . . . . . . . . . 18 . . . . . 2 . . . . . . . . . . . . . . . RETURN 3 | . . . . 1 . . . . . . 2 . . . . . . . . . . . . . . . . . . . . . Ally Attacks 1136 | . . . . 1 . . 18 . 9 45 135 19 16 18 95 . 102 20 51 35 120 121 46 46 45 41 24 64 9 4 47 5 Total Damage 29588 | . . . . . . . 295 . 207 988 2065 411 497 168 1913 . 4872 375 1556 1922 3125 2151 678 754 1358 963 766 2133 133 167 1897 194 Kills 196 | . . . . . . . 5 . 2 2 21 5 3 4 16 . 34 4 17 1 18 11 5 2 10 1 4 14 2 . 13 2 Allies Corrupted 1 | . . . . . . . . . . . . . . . . . . . . . . . . . 1 . . . . . . . Allies Melted 3 | . . . . . . . . . . . . . . . . . 1 . . . . . . . . . . 1 . . 1 . Intel | -11 -10 -10 -10 -9 -8 -8 -8 -8 -7 -7 -7 -7 -7 -7 -6 -6 -6 -6 -5 -5 -5 -5 -5 -5 -4 -4 -4 -4 -4 -4 -4 -3 ------- Run | Scr Mat Min Exi Min Mat Gar Mat Gar Fac Was Fac Gar Fac Gar Fac Was Fac Gar Fac Was Fac Gar Fac Gar Fac Was Fac Ext Cet Arc Hub Res Robot Analysis Total 5 | . . . . . . . . . . . . . . . 1 . 4 . . . . . . . . . . . . . . . Derelict Logs Recovered 3 | . . 1 . 2 . . . . . . . . . . . . . . . . . . . . . . . . . . . . Drone Launches 21 | . . . . 2 . . . . . . 17 . . . . . 2 . . . . . . . . . . . . . . . Drone Recoveries 3 | . . . . 1 . . . . . . 2 . . . . . . . . . . . . . . . . . . . . . Exploration | -11 -10 -10 -10 -9 -8 -8 -8 -8 -7 -7 -7 -7 -7 -7 -6 -6 -6 -6 -5 -5 -5 -5 -5 -5 -4 -4 -4 -4 -4 -4 -4 -3 ------------- Run | Scr Mat Min Exi Min Mat Gar Mat Gar Fac Was Fac Gar Fac Gar Fac Was Fac Gar Fac Was Fac Gar Fac Gar Fac Was Fac Ext Cet Arc Hub Res Turns Passed 65057 | 70 1565 476 365 1104 4835 3806 553 4539 882 1015 4387 3262 569 3483 2127 1895 2279 2580 1585 1605 2081 3935 748 4499 253 2040 1577 2232 248 681 2487 1294 Spaces Moved 29508 | 37 800 303 584 793 1845 1518 206 1703 378 431 2021 1487 229 1271 805 839 1145 1342 738 743 1068 2519 250 1622 104 801 592 880 91 249 1053 1061 Core 949 | 4 . 31 584 226 . . . . . . . . . . . . . . . . . 3 . . . . . . . . . 101 Treads 23113 | 33 800 243 . . 1673 985 64 1602 . 224 2021 1487 229 1270 805 839 1145 1342 738 743 1068 162 233 1622 104 801 592 880 91 249 1053 15 Legs 739 | . . . . 567 172 . . . . . . . . . . . . . . . . . . . . . . . . . . . Wheels 3034 | . . 29 . . . 533 142 101 378 207 . . . 1 . . . . . . . 1626 17 . . . . . . . . . Hover 212 | . . . . . . . . . . . . . . . . . . . . . . 155 . . . . . . . . . 57 Flight 1461 | . . . . . . . . . . . . . . . . . . . . . . 573 . . . . . . . . . 888 Fastest Speed 28 | 50 160 50 50 50 120 150 150 150 135 160 160 160 240 195 160 160 160 160 160 160 160 29 165 240 240 160 160 160 160 160 160 28 Average Speed 176 | 148 160 149 60 100 210 209 181 236 166 186 172 182 240 240 201 160 160 160 164 166 160 111 234 240 240 235 195 214 205 165 160 67 Slowest Speed 2900 | 160 160 350 250 190 240 245 250 325 210 330 240 240 240 320 240 240 240 160 240 240 240 2900 241 240 240 240 240 240 240 240 165 180 Overloaded Moves . | . . . . . . . . . . . . . . . . . . . . . . . . . . . . . . . . . Propulsion Burnouts . | . . . . . . . . . . . . . . . . . . . . . . . . . . . . . . . . . Robots Hopped 8 | . . . . . . . . . . . . . . . . . . . . . . . . . . . . . . . . 8 Cave-ins Triggered 1 | . . . . . . . . . . . 1 . . . . . . . . . . . . . . . . . . . . . Exploration Rate (%) 61 | 3 100 56 88 84 88 83 21 99 10 98 57 99 6 99 27 96 32 99 17 97 33 98 7 99 3 95 13 87 55 94 67 22 Regions Visited 32 Branch Regions 7 Pre-discovered Areas 6 | . 1 . 1 1 1 . 1 . . . . . . . . . . . . . . . 1 . . . . . . . . . Known Exits Taken 7 | . . . . . 1 . 1 . . . 1 . 1 . . . 1 . . . 1 . 1 . . . . . . . . . Unknown Exits Taken 10 | 1 1 1 1 1 . . . . . . . . . . . . . . . . . . . . . . 1 1 1 1 1 . Scrap Searched 2 | . . . . 2 . . . . . . . . . . . . . . . . . . . . . . . . . . . . Spaces Dug 132 | . 1 . . . 9 3 . . 2 . 19 . 2 . 4 . 23 . 10 . 15 13 3 2 . . 7 3 . . 2 14 Terrain Destroyed 1286 | . 1 15 . . 33 25 . 47 2 . 175 8 2 25 54 . 24 4 78 9 68 13 3 5 . 2 29 13 4 5 503 139 Melee 123 | . 1 . . . 9 . . . 2 . 19 . 2 . 4 . 22 . 10 . 15 11 3 2 . . 7 . . . 2 14 Projectile 144 | . . 1 . . . 1 . . . . 55 7 . 1 4 . 2 . 13 9 10 2 . . . . 22 13 4 . . . AOE 1000 | . . 14 . . 24 24 . 47 . . 101 . . 24 46 . . 4 55 . 43 . . 3 . . . . . . 490 125 Terrain Rammed . | . . . . . . . . . . . . . . . . . . . . . . . . . . . . . . . . . Walls Destroyed . | . . . . . . . . . . . . . . . . . . . . . . . . . . . . . . . . . Machines Disabled . | . . . . . . . . . . . . . . . . . . . . . . . . . . . . . . . . . Actions | -11 -10 -10 -10 -9 -8 -8 -8 -8 -7 -7 -7 -7 -7 -7 -6 -6 -6 -6 -5 -5 -5 -5 -5 -5 -4 -4 -4 -4 -4 -4 -4 -3 --------- Run | Scr Mat Min Exi Min Mat Gar Mat Gar Fac Was Fac Gar Fac Gar Fac Was Fac Gar Fac Was Fac Gar Fac Gar Fac Was Fac Ext Cet Arc Hub Res Total 38826 | 48 986 323 595 1087 2535 1917 338 2063 503 562 2656 1953 246 1625 1166 1204 1486 1684 999 951 1299 3310 362 2054 108 921 913 1180 139 427 1647 1539 Wait 4210 | . 81 6 2 249 426 88 91 97 26 7 336 310 . 189 178 154 197 209 121 33 85 185 25 126 . 8 219 87 20 59 292 304 Move 29467 | 36 799 302 583 792 1845 1517 206 1701 378 430 2020 1486 228 1270 805 838 1145 1341 738 742 1067 2518 250 1621 104 800 591 879 90 248 1052 1045 Hop 8 | . . . . . . . . . . . . . . . . . . . . . . . . . . . . . . . . 8 Pick Up 495 | 4 20 1 1 5 35 25 1 13 4 19 23 34 3 25 16 17 13 22 8 10 9 92 8 37 . 3 1 12 . 11 13 10 Fast Attach 411 | 6 6 1 3 11 20 7 5 10 7 6 19 3 1 11 8 9 16 4 13 10 16 43 8 17 1 19 7 30 7 12 48 27 Attach 237 | . 1 4 1 2 10 14 . 5 12 5 13 11 1 5 20 7 4 12 11 3 4 20 2 16 1 11 . 9 . 4 5 24 Detach 162 | . 5 2 . 3 2 5 . 5 5 4 5 8 2 3 12 3 1 7 3 3 3 21 . 12 . 14 3 7 1 . 2 21 Swap 462 | 1 5 2 . 1 35 18 4 28 10 4 48 12 2 12 26 6 12 12 23 7 18 30 15 22 2 13 21 20 4 16 28 5 Drop 718 | . 14 3 2 8 32 23 9 23 1 23 33 25 3 32 8 31 28 14 10 16 17 112 16 42 . 25 6 39 8 27 57 31 Fire 1736 | . 50 2 3 9 104 140 20 45 39 7 118 61 4 49 79 8 39 60 56 127 60 175 34 137 . 27 36 25 9 50 144 19 Melee 508 | . 2 . . . 20 5 . 37 21 57 30 1 2 12 12 131 25 . 11 . 20 30 3 12 . 1 26 3 . . 4 43 Ram 2 | . . . . . . . . . . . . . . . . . . . . . . . . . . . . . . . . 2 Kick 8 | . . . . 5 3 . . . . . . . . . . . . . . . . . . . . . . . . . . . Crush 37 | 1 3 . . . 3 . 2 . . . 9 . . . 2 . 3 . 5 . . 1 1 1 . . 3 1 . . 2 . Escape Stasis 112 | . . . . . . 20 . 17 . . 2 2 . 16 . . 3 . . . . 41 . 8 . . . 3 . . . . Rewire 251 | . . . . . . 55 . 82 . . . . . 1 . . . 3 . . . 42 . 3 . . . 65 . . . . Trap 2 | . . . . 2 . . . . . . . . . . . . . . . . . . . . . . . . . . . . Miscellaneous . | . . . . . . . . . . . . . . . . . . . . . . . . . . . . . . . . . Route ------- -11/Scrapyard -10/Materials (discovered 4 exits: [*Mat x3] / *Min) -10/Mines (discovered 2 exits: [*Mat] / *Exi) -10/Exiles (discovered 2 exits: [*Min x2]) -9/Mines (discovered 2 exits: *Mat x2) -8/Materials (discovered 4 exits: *Fac x3 / Gar) -8/Garrison (discovered 3 exits: *Mat x3) -8/Materials -8/Garrison (discovered 3 exits: *Fac x3) -7/Factory -7/Waste -7/Factory (discovered 4 exits: *Fac x2 / [*Low] / Gar) -7/Garrison (discovered 3 exits: *Fac x3) -7/Factory -7/Garrison (discovered 3 exits: *Fac x3) -6/Factory (discovered 2 exits: *Fac / Gar) -6/Waste -6/Factory (discovered 4 exits: Fac / [*Low x2] / Gar) -6/Garrison (discovered 3 exits: *Fac x3) -5/Factory (discovered 3 exits: [*Fac] / [*Upp] / Gar) -5/Waste -5/Factory (discovered 2 exits: [*Upp] / Gar) -5/Garrison (discovered 3 exits: *Fac x3) -5/Factory -5/Garrison (discovered 3 exits: [*Fac x3]) -4/Factory -4/Waste -4/Factory -4/Extension (discovered 3 exits: *Res x2 / [*Cet]) -4/Cetus -4/Archives (discovered 3 exits: *Res / *Hub x2) -4/Hub_04(d) (discovered 4 exits: *Res x3 / Gar) -3/Research (discovered 3 exits: Arm / Qua x2) History --------- Turn | Location | Event 8 | -11/Scrapyard | Discovered new exit (range 15) 71 | -11/Scrapyard | Entered Materials 315 | -10/Materials | Build established: Mutant 761 | -10/Materials | Discovered new exit (range 3) 1016 | -10/Materials | Discovered new exit (range 15) 1048 | -10/Materials | Discovered new exit (range 15) 1177 | -10/Materials | Discovered new exit (range 3) 1636 | -10/Materials | Entered Mines 1837 | -10/Mines | Found the Drone Emporium 1853 | -10/Mines | Found Prototype Device 1937 | -10/Mines | Learned location of 1 exit from Materials 1983 | -10/Mines | Deemed a non-threat by the Exiles lab entrance 1983 | -10/Mines | Discovered new exit (range 5) 2068 | -10/Mines | Assembled infested the area 2075 | -10/Mines | Discovered new exit (range 8) 2086 | -10/Mines | Core integrity fell below 50% 2094 | -10/Mines | Core integrity fell below 20% 2098 | -10/Mines | Released all parts (1) 2112 | -10/Mines | Entered Exiles 2119 | -10/Exiles | Discovered new exit (range 15) 2122 | -10/Exiles | Lost 6 parts (1p2n1u2w) 2125 | -10/Exiles | Met 8R-AWN 2133 | -10/Exiles | Met EX-HEX 2150 | -10/Exiles | Met EX-BIN 2157 | -10/Exiles | Aligned with FarCom system 2157 | -10/Exiles | Given EX-Vault access code 2171 | -10/Exiles | Opened EX-Vault 2175 | -10/Exiles | Found Gui. Plasma Cannon 2184 | -10/Exiles | Found AWS/Thermal 2199 | -10/Exiles | Warned to stay clear of 0b10 Research branches 2214 | -10/Exiles | Met EX-DEC 2221 | -10/Exiles | Learned location of Zion (-6) 2282 | -10/Exiles | Visited The Gauntlet 2353 | -10/Exiles | Found Cloak of Protection 2447 | -10/Exiles | Discovered new exit (range 14) 2477 | -10/Exiles | Left Exiles lab with Cloak of Protection 2477 | -10/Exiles | Entered Mines 2478 | -9/Mines | Identified Bomb Drone Bay 2494 | -9/Mines | Met a Derelict bent on vengeance 2502 | -9/Mines | Learned location of Storage (-9) 2538 | -9/Mines | Found a hidden stash of uninstalled traps 2558 | -9/Mines | Discovered new exit (range 14) 2578 | -9/Mines | Discovered new exit (range 7) 2608 | -9/Mines | Found a damaged Exp. Sensor Array with a note attached 2609 | -9/Mines | Found Prototype Device 2609 | -9/Mines | Identified Exp. Sensor Array 2686 | -9/Mines | Learned 4 Materials zone layouts 2858 | -9/Mines | Learned 4 Materials zone layouts 2967 | -9/Mines | Build established: Scavenger-Mutant 3581 | -9/Mines | Entered Materials 3581 | -8/Materials | Evolved 4 slots: Propulsion x2, Utility x2 3582 | -8/Materials | Identified exit to Factory 4670 | -8/Materials | Discovered exit to Factory (range 8) 6311 | -8/Materials | Garrison activated, responded to threat 7981 | -8/Materials | First assault squad dispatched 8082 | -8/Materials | Lost 4 parts (1p2n1u) 8416 | -8/Materials | Identified exit to Garrison 8416 | -8/Materials | Entered Garrison 8428 | -8/Garrison | Installed Relay Interface Framework 8562 | -8/Garrison | Triggered checkpoint 8659 | -8/Garrison | Garrison Relay disabled 8742 | -8/Garrison | Triggered checkpoint 8771 | -8/Garrison | Triggered checkpoint 8813 | -8/Garrison | Triggered checkpoint 9032 | -8/Garrison | Discovered new exit (range 12) 9134 | -8/Garrison | Triggered checkpoint 9175 | -8/Garrison | Garrison Relay disabled 9310 | -8/Garrison | Triggered checkpoint 9418 | -8/Garrison | Discovered new exit (range 15) 9612 | -8/Garrison | Triggered checkpoint 9668 | -8/Garrison | Lost 5 parts (2n2u1w) 9687 | -8/Garrison | Garrison Relay disabled 10109 | -8/Garrison | Triggered checkpoint 10200 | -8/Garrison | Triggered checkpoint 10256 | -8/Garrison | Lost 4 parts (2n1u1w) 10412 | -8/Garrison | Garrison Relay disabled 10494 | -8/Garrison | Garrison Relay disabled 10523 | -8/Garrison | Discovered new exit (range 15) 10534 | -8/Garrison | Triggered checkpoint 12222 | -8/Garrison | Entered Materials 12222 | -8/Materials | Accompanied by 5 allies 12251 | -8/Materials | Build established: Commander-Mutant 12421 | -8/Materials | Garrison activated, responded to threat 12663 | -8/Materials | Core integrity fell below 50% 12775 | -8/Materials | Identified exit to Garrison 12775 | -8/Materials | Entered Garrison 12815 | -8/Garrison | Triggered checkpoint 12816 | -8/Garrison | Build established: Mutant 12878 | -8/Garrison | Triggered checkpoint 13119 | -8/Garrison | Triggered checkpoint 13147 | -8/Garrison | Destroyed 8 combat bots 13220 | -8/Garrison | Build established: Scavenger-Mutant 13500 | -8/Garrison | Discovered exit to Factory (range 8) 13584 | -8/Garrison | Triggered checkpoint 13667 | -8/Garrison | Garrison Relay disabled 14005 | -8/Garrison | Triggered checkpoint 14087 | -8/Garrison | Discovered exit to Factory (range 9) 14123 | -8/Garrison | Expanded RIF knowledge: Structural Interface 14184 | -8/Garrison | Triggered checkpoint 14227 | -8/Garrison | Garrison Relay disabled 14438 | -8/Garrison | Garrison Relay disabled 14570 | -8/Garrison | Garrison Relay disabled 15153 | -8/Garrison | Discovered exit to Factory (range 14) 15402 | -8/Garrison | Triggered checkpoint 15502 | -8/Garrison | Garrison Relay disabled 17314 | -8/Garrison | Entered Factory 17314 | -7/Factory | Accompanied by 5 allies 17314 | -7/Factory | Evolved 2 slots: Utility x2 17668 | -7/Factory | Fabricated Remote Datajack (x1) 17714 | -7/Factory | First assault squad dispatched 17832 | -7/Factory | Lost 5 parts (4u1w) 17918 | -7/Factory | Lost 4 parts (1p2n1u) 17977 | -7/Factory | Build established: Bothacker-Mutant 18196 | -7/Factory | Sucked down chute 18196 | -7/Factory | Entered Waste 18197 | -7/Waste | Met a frightened Derelict 18227 | -7/Waste | Spotted C-40 Crusher 18267 | -7/Waste | Spotted C-40 Crusher 18286 | -7/Waste | Spotted C-40 Crusher 18321 | -7/Waste | Found Broken Imp. Powered Armor 18335 | -7/Waste | Spotted C-40 Crusher 18377 | -7/Waste | Spotted C-40 Crusher 18438 | -7/Waste | Spotted C-40 Crusher 18578 | -7/Waste | Build established: Scavenger-Mutant 18595 | -7/Waste | Destroyed C-40 Crusher 18671 | -7/Waste | Destroyed C-40 Crusher 18756 | -7/Waste | Destroyed C-40 Crusher 18788 | -7/Waste | Found Damper Plating 18868 | -7/Waste | Destroyed C-40 Crusher 18938 | -7/Waste | Warlord forces began an assault 18950 | -7/Waste | Found Damper Plating 19176 | -7/Waste | Discovered new exit (range 13) 19211 | -7/Waste | Entered Factory 19211 | -7/Factory | Accompanied by 17 allies 19416 | -7/Factory | Identified exit to DSF 19635 | -7/Factory | P-60 Hacker assimilated allied 3L-UPX(d) 19650 | -7/Factory | Discovered new exit (range 15) 19911 | -7/Factory | Identified exit to Garrison 20320 | -7/Factory | Discovered new exit (range 2) 20411 | -7/Factory | First assault squad dispatched 21020 | -7/Factory | Crushed by falling debris 21309 | -7/Factory | Discovered new exit (range 5) 21520 | -7/Factory | Repaired Broken Imp. Powered Armor? 22994 | -7/Factory | Core integrity fell below 50% 23588 | -7/Factory | Identified exit to Garrison 23598 | -7/Factory | Entered Garrison 23666 | -7/Garrison | Triggered checkpoint 23720 | -7/Garrison | Garrison Relay disabled 23762 | -7/Garrison | Build established: Mutant 23779 | -7/Garrison | Triggered checkpoint 24122 | -7/Garrison | Discovered new exit (range 10) 24233 | -7/Garrison | Triggered checkpoint 24265 | -7/Garrison | Garrison Relay disabled 24458 | -7/Garrison | Triggered checkpoint 24584 | -7/Garrison | Spotted B-75 Beast 24612 | -7/Garrison | Triggered checkpoint 24639 | -7/Garrison | Build established: Bothacker-Mutant 24644 | -7/Garrison | Garrison Relay disabled 24736 | -7/Garrison | Discovered new exit (range 4) 25098 | -7/Garrison | Garrison Relay disabled 25106 | -7/Garrison | Triggered checkpoint 25162 | -7/Garrison | Discovered new exit (range 8) 25184 | -7/Garrison | Expanded RIF knowledge: Zone Cloak 25244 | -7/Garrison | Triggered checkpoint 26860 | -7/Garrison | Entered Factory 26860 | -7/Factory | Accompanied by 5 allies 27071 | -7/Factory | Repaired Hvy. Treads? 27260 | -7/Factory | First assault squad dispatched 27303 | -7/Factory | Garrison activated, responded to threat 27347 | -7/Factory | Identified exit to Garrison 27429 | -7/Factory | Entered Garrison 27614 | -7/Garrison | Triggered checkpoint 27673 | -7/Garrison | Garrison Relay disabled 27764 | -7/Garrison | Triggered checkpoint 28264 | -7/Garrison | Triggered checkpoint 28341 | -7/Garrison | Discovered new exit (range 13) 28391 | -7/Garrison | Expanded RIF knowledge: Coupler Efficiency 28518 | -7/Garrison | Triggered checkpoint 28539 | -7/Garrison | Garrison Relay disabled 28758 | -7/Garrison | Triggered checkpoint 28842 | -7/Garrison | Triggered checkpoint 28913 | -7/Garrison | Discovered new exit (range 10) 28976 | -7/Garrison | Triggered checkpoint 28989 | -7/Garrison | Build established: Botlord-Mutant 29246 | -7/Garrison | Triggered checkpoint 29402 | -7/Garrison | Garrison Relay disabled 29615 | -7/Garrison | Discovered new exit (range 8) 29690 | -7/Garrison | Triggered checkpoint 29741 | -7/Garrison | Garrison Relay disabled 30894 | -7/Garrison | Build established: Bothacker-Mutant 30912 | -7/Garrison | Entered Factory 30912 | -6/Factory | Accompanied by 6 allies 30912 | -6/Factory | Evolved 2 slots: Propulsion x2 31083 | -6/Factory | Garrison activated, responded to threat 31248 | -6/Factory | Identified exit to Garrison 31262 | -6/Factory | First assault squad dispatched 31473 | -6/Factory | Central database locked down 31835 | -6/Factory | Identified exit to Garrison 31971 | -6/Factory | Garrison activated, responded to threat 32252 | -6/Factory | Garrison activated, responded to threat 32824 | -6/Factory | Discovered new exit (range 13) 32918 | -6/Factory | Fabricated Biomechanical Wings (x1) 33039 | -6/Factory | Sucked down chute 33039 | -6/Factory | Entered Waste 33090 | -6/Waste | Spotted C-40 Crusher 33090 | -6/Waste | Spotted C-40 Crusher 33101 | -6/Waste | Spotted C-40 Crusher 33133 | -6/Waste | Spotted C-40 Crusher 33160 | -6/Waste | Spotted C-40 Crusher 33183 | -6/Waste | Spotted C-40 Crusher 33221 | -6/Waste | Crushed by Compactor (0 parts destroyed, 1 dropped) 33811 | -6/Waste | Destroyed C-40 Crusher 33848 | -6/Waste | Found Damper Plating 33902 | -6/Waste | Destroyed C-40 Crusher 33943 | -6/Waste | Destroyed C-40 Crusher 33953 | -6/Waste | Found Damper Plating 34200 | -6/Waste | Destroyed C-40 Crusher 34342 | -6/Waste | Destroyed C-40 Crusher 34405 | -6/Waste | Destroyed C-40 Crusher 34526 | -6/Waste | Discovered new exit (range 15) 34646 | -6/Waste | Warlord forces began an assault 34934 | -6/Waste | Entered Factory 34934 | -6/Factory | Accompanied by 18 allies 35146 | -6/Factory | Discovered new exit (range 12) 35394 | -6/Factory | Fabricated Biomechanical Wings (x1) 35728 | -6/Factory | Discovered new exit (range 9) 36148 | -6/Factory | Build established: Hauler-Mutant 36427 | -6/Factory | Fabricated Biomechanical Wings? 36934 | -6/Factory | Discovered new exit (range 111) 37104 | -6/Factory | Garrison activated, responded to threat 37213 | -6/Factory | Identified exit to Garrison 37213 | -6/Factory | Entered Garrison 37418 | -6/Garrison | Triggered checkpoint 37479 | -6/Garrison | Garrison Relay disabled 37832 | -6/Garrison | Triggered checkpoint 37872 | -6/Garrison | Discovered new exit (range 10) 37935 | -6/Garrison | Expanded RIF knowledge: Signal Jamming 38096 | -6/Garrison | Triggered checkpoint 38262 | -6/Garrison | Triggered checkpoint 38282 | -6/Garrison | Garrison Relay disabled 38365 | -6/Garrison | Build established: Bothacker-Mutant 38388 | -6/Garrison | Triggered checkpoint 38493 | -6/Garrison | Discovered new exit (range 10) 38622 | -6/Garrison | Triggered checkpoint 38652 | -6/Garrison | Garrison Relay disabled 38852 | -6/Garrison | Triggered checkpoint 38959 | -6/Garrison | Triggered checkpoint 38961 | -6/Garrison | Discovered new exit (range 13) 39062 | -6/Garrison | Build established: Botlord-Mutant 39110 | -6/Garrison | Garrison Relay disabled 39118 | -6/Garrison | Triggered checkpoint 39793 | -6/Garrison | Entered Factory 39793 | -5/Factory | Accompanied by 11 allies 39793 | -5/Factory | Evolved 2 slots: Utility x2 39887 | -5/Factory | Discovered new exit (range 8) 40368 | -5/Factory | Build established: Bothacker-Mutant 40468 | -5/Factory | Cargo convoy interrupted 40488 | -5/Factory | Fabricated Biomechanical Wings? 40620 | -5/Factory | Identified exit to Garrison 41022 | -5/Factory | System corruption reached 10% 41057 | -5/Factory | Lost 4 parts (1n3u) 41069 | -5/Factory | Destroyed 7 combat bots 41293 | -5/Factory | First assault squad dispatched 41314 | -5/Factory | Build established: Hauler-Mutant 41349 | -5/Factory | Discovered new exit (range 14) 41378 | -5/Factory | Sucked down chute 41378 | -5/Factory | Entered Waste 41410 | -5/Waste | 1 allies followed down the chute 41412 | -5/Waste | Spotted C-40 Crusher 41435 | -5/Waste | Spotted C-40 Crusher 41440 | -5/Waste | Found Enh. Force Lance 41442 | -5/Waste | Spotted C-40 Crusher 41462 | -5/Waste | Spotted C-40 Crusher 41480 | -5/Waste | Spotted C-40 Crusher 41509 | -5/Waste | Spotted C-40 Crusher 41621 | -5/Waste | Discovered new exit (range 16) 41640 | -5/Waste | Found Adv. Force Booster 41779 | -5/Waste | Destroyed C-40 Crusher 41804 | -5/Waste | Found Damper Plating 42096 | -5/Waste | Build established: Scavenger-Mutant 42098 | -5/Waste | Destroyed C-40 Crusher 42360 | -5/Waste | Destroyed C-40 Crusher 42470 | -5/Waste | Destroyed C-40 Crusher 42678 | -5/Waste | Destroyed C-40 Crusher 42733 | -5/Waste | Warlord forces began an assault 42983 | -5/Waste | Entered Factory 42983 | -5/Factory | Accompanied by 18 allies 43221 | -5/Factory | Identified exit to DSF 43919 | -5/Factory | Spotted B-75 Beast 43939 | -5/Factory | Assimilated Beast 6a with formatsys_high 44030 | -5/Factory | Destroyed 9 combat bots 44466 | -5/Factory | Discovered new exit (range 7) 44602 | -5/Factory | Identified exit to Garrison 44783 | -5/Factory | First assault squad dispatched 44884 | -5/Factory | Garrison activated, responded to threat 44952 | -5/Factory | Destroyed 7 combat bots 45064 | -5/Factory | Entered Garrison 45072 | -5/Garrison | Expanded RIF knowledge: Hotswap 45126 | -5/Garrison | Triggered checkpoint 45205 | -5/Garrison | Garrison Relay disabled 45523 | -5/Garrison | Core integrity fell below 50% 45553 | -5/Garrison | Lost 12 parts (1p4n3u4w) 45565 | -5/Garrison | Destroyed 7 combat bots 45569 | -5/Garrison | Spotted B-75 Beast 45818 | -5/Garrison | Triggered checkpoint 46302 | -5/Garrison | Destroyed B-75 Beast 46496 | -5/Garrison | Triggered checkpoint 46796 | -5/Garrison | Triggered checkpoint 46805 | -5/Garrison | Garrison Relay disabled 46864 | -5/Garrison | Triggered checkpoint 46924 | -5/Garrison | Garrison Relay disabled 46942 | -5/Garrison | Discovered new exit (range 8) 47126 | -5/Garrison | Build established: Bothacker-Mutant 47144 | -5/Garrison | Garrison Relay disabled 47216 | -5/Garrison | Triggered checkpoint 47274 | -5/Garrison | Triggered checkpoint 47402 | -5/Garrison | Triggered checkpoint 47460 | -5/Garrison | Build established: Botlord-Mutant 47466 | -5/Garrison | Triggered checkpoint 47659 | -5/Garrison | Discovered new exit (range 15) 47810 | -5/Garrison | Triggered checkpoint 47846 | -5/Garrison | Discovered new exit (range 10) 48812 | -5/Garrison | Build established: Scavenger-Mutant 48999 | -5/Garrison | Entered Factory 48999 | -5/Factory | Accompanied by 7 allies 49567 | -5/Factory | Build established: Hauler-Mutant 49747 | -5/Factory | Identified exit to Garrison 49747 | -5/Factory | Entered Garrison 49912 | -5/Garrison | Triggered checkpoint 49988 | -5/Garrison | Garrison Relay disabled 50208 | -5/Garrison | Spotted B-75 Beast 50282 | -5/Garrison | Triggered checkpoint 50369 | -5/Garrison | Triggered checkpoint 50718 | -5/Garrison | Destroyed B-75 Beast 51007 | -5/Garrison | Discovered new exit (range 10) 51051 | -5/Garrison | Expanded RIF knowledge: Threat Obfuscation 51204 | -5/Garrison | Triggered checkpoint 51259 | -5/Garrison | Garrison Relay disabled 51368 | -5/Garrison | Triggered checkpoint 51388 | -5/Garrison | Triggered checkpoint 51410 | -5/Garrison | Spotted B-75 Beast 51412 | -5/Garrison | Spotted B-75 Beast 51468 | -5/Garrison | Triggered checkpoint 51544 | -5/Garrison | Triggered checkpoint 51748 | -5/Garrison | Discovered new exit (range 14) 51934 | -5/Garrison | Garrison Relay disabled 52149 | -5/Garrison | Garrison Relay disabled 52233 | -5/Garrison | Build established: Botlord-Mutant 52348 | -5/Garrison | Assimilated Beast 6b with formatsys_high 52377 | -5/Garrison | Destroyed B-75 Beast 52502 | -5/Garrison | Found Unknown Launcher 52502 | -5/Garrison | Identified Fusion Bomb Launcher 52691 | -5/Garrison | Discovered new exit (range 5) 52756 | -5/Garrison | Triggered checkpoint 52795 | -5/Garrison | Garrison Relay disabled 53376 | -5/Garrison | Found Fusion Bomb Launcher 54246 | -5/Garrison | Entered Factory 54246 | -4/Factory | Accompanied by 4 allies 54246 | -4/Factory | Evolved 2 slots: Utility x1, Weapon x1 54337 | -4/Factory | Build established: Scavenger-Mutant 54499 | -4/Factory | Sucked down chute 54499 | -4/Factory | Entered Waste 54500 | -4/Waste | Joined by Warlord forces that had cleared the area 54620 | -4/Waste | A Compactor rumbled back to life 54628 | -4/Waste | Spotted C-40 Crusher 54632 | -4/Waste | Allies destroyed C-40 Crusher 55357 | -4/Waste | Discovered new exit (range 16) 56203 | -4/Waste | Found Damper Plating 56491 | -4/Waste | Build established: Scavenger-Tank 56539 | -4/Waste | Entered Factory 57124 | -4/Factory | Local machine network offline 57617 | -4/Factory | Build established: Bothacker-Mutant 58107 | -4/Factory | Discovered new exit (range 5) 58116 | -4/Factory | Entered Extension 58659 | -4/Extension | Energy Cycler disabled 58659 | -4/Extension | Rescued a captive Derelict 58659 | -4/Extension | Rescued a captive Derelict 58659 | -4/Extension | Rescued a captive Derelict 58659 | -4/Extension | Rescued a captive Derelict 58660 | -4/Extension | Rescued a captive Derelict 58660 | -4/Extension | Rescued a captive Derelict 58660 | -4/Extension | Rescued a captive Derelict 58661 | -4/Extension | Rescued a captive Derelict 58662 | -4/Extension | Rescued a captive Derelict 58662 | -4/Extension | Rescued a captive Derelict 58663 | -4/Extension | Rescued a captive Derelict 58668 | -4/Extension | Rescued a captive Derelict 58690 | -4/Extension | Local machine network offline 58989 | -4/Extension | Spotted B-86 Titan 59009 | -4/Extension | Destroyed B-86 Titan 59040 | -4/Extension | Spotted B-86 Titan 59048 | -4/Extension | Destroyed B-86 Titan 59080 | -4/Extension | Discovered new exit (range 14) 59314 | -4/Extension | Build established: Bothacker-Tank 59831 | -4/Extension | Discovered new exit (range 10) 59834 | -4/Extension | Discovered new exit (range 6) 60078 | -4/Extension | Extracted ID and sensor layout for unrecognized location from A7's data core 60348 | -4/Extension | Entered Cetus 60348 | -4/Cetus | Accompanied by 1 ally 60379 | -4/Cetus | Spotted Cetus Guard 60380 | -4/Cetus | Destroyed Cetus Guard 60380 | -4/Cetus | Destroyed Cetus Guard 60382 | -4/Cetus | Destroyed Cetus Guard 60385 | -4/Cetus | Spotted Cetus Guard 60387 | -4/Cetus | Destroyed Cetus Guard 60484 | -4/Cetus | Build established: Scavenger-Tank 60560 | -4/Cetus | Discovered new exit (range 16) 60596 | -4/Cetus | Entered Archives 60803 | -4/Archives | Discovered new exit (range 15) 60907 | -4/Archives | Discovered new exit (range 16) 61039 | -4/Archives | Discovered new exit (range 15) 61277 | -4/Archives | Entered Hub_04(d) 61521 | -4/Hub_04(d) | Discovered new exit (range 15) 62677 | -4/Hub_04(d) | Discovered new exit (range 13) 62682 | -4/Hub_04(d) | Identified exit to Garrison 62740 | -4/Hub_04(d) | Discovered new exit (range 5) 63195 | -4/Hub_04(d) | Network Hub disabled 63262 | -4/Hub_04(d) | Spotted Lightning 63262 | -4/Hub_04(d) | Spotted Lightning 63262 | -4/Hub_04(d) | Spotted Lightning 63292 | -4/Hub_04(d) | Destroyed Lightning 63294 | -4/Hub_04(d) | Destroyed Lightning 63314 | -4/Hub_04(d) | Destroyed Lightning 63331 | -4/Hub_04(d) | Network Hub disabled 63365 | -4/Hub_04(d) | Destroyed 9 combat bots 63378 | -4/Hub_04(d) | Spotted Lightning 63391 | -4/Hub_04(d) | Destroyed Lightning 63391 | -4/Hub_04(d) | Spotted Lightning 63393 | -4/Hub_04(d) | Spotted Lightning 63408 | -4/Hub_04(d) | Destroyed Lightning 63427 | -4/Hub_04(d) | Destroyed Lightning 63435 | -4/Hub_04(d) | Network Hub disabled 63463 | -4/Hub_04(d) | Build established: Scavenger-Skirmisher 63471 | -4/Hub_04(d) | Spotted Lightning 63482 | -4/Hub_04(d) | Spotted Lightning 63483 | -4/Hub_04(d) | Spotted Lightning 63484 | -4/Hub_04(d) | Destroyed Lightning 63487 | -4/Hub_04(d) | Destroyed Lightning 63494 | -4/Hub_04(d) | Destroyed Lightning 63505 | -4/Hub_04(d) | Found Exp. Phase Shifter 63510 | -4/Hub_04(d) | Found Exp. Phase Shifter 63512 | -4/Hub_04(d) | Found Exp. EM Disruption Field 63527 | -4/Hub_04(d) | First assault squad dispatched 63565 | -4/Hub_04(d) | P-70 Sage assimilated hostile G-67 Veteran 63586 | -4/Hub_04(d) | Found Exp. Targeting Computer 63610 | -4/Hub_04(d) | Found EMDS 63616 | -4/Hub_04(d) | Destroyed 11 combat bots 63647 | -4/Hub_04(d) | Found EMDS 63764 | -4/Hub_04(d) | Entered Research 63764 | -3/Research | Evolved 2 slots: Propulsion x2 63781 | -3/Research | Found Prototype Processor 63781 | -3/Research | Identified Spectral Analyzer 63842 | -3/Research | Spotted B-86 Titan 63842 | -3/Research | Identified exit to Armory 63842 | -3/Research | Identified exit to Quarantine 64103 | -3/Research | Lost 3 parts (1n2u) 64193 | -3/Research | Destroyed 8 combat bots 64371 | -3/Research | Build established: Hacker-Mutant 64793 | -3/Research | Found Prototype Slashing Weapon 64793 | -3/Research | Identified Centrium Greatsword 64796 | -3/Research | Released all parts (8) 64810 | -3/Research | Core integrity fell below 50% 64833 | -3/Research | Lost 9 parts (6n2u1w) 64915 | -3/Research | Fabricated Cmb. Linear Gravjet (x2) 64962 | -3/Research | Fabricated Cmb. Linear Gravjet (x2) 65058 | -3/Research | Self-destructed Last Messages --------------- (84%). 65028_ >> MONITOR: Recycling Unit R001 accepting Corrupted Hpw. Shotgun (87%). 65031_ Destroyed Unknown Storage. 65031_ P-80 Master system corrupted by crushing effect. 65033_ System corrupted: Component data lost. 65034_ P-80 Master suffers critical hit (Smash). 65034_ Destroyed Adv. Heat Sink. 65034_ P-80 Master system corrupted by crushing effect. 65042_ P-80 Master IFF system glitched. 65042_ P-80 Master suffers critical hit (Smash). 65042_ Destroyed Unknown Processor. 65042_ P-80 Master system corrupted by crushing effect. 65045_ Destroyed Unknown Reactor. 65045_ P-80 Master system corrupted by crushing effect. 65045_ P-80 Master knocked back. 65048_ Xenon Bombardment Thruster destroyed. 65050_ P-80 Master suffers critical hit (Smash). 65050_ P-80 Master destroyed. 65053_ Acquired 25 matter. Map ----- +----------------------------------------------------+ | ???????????# == ##### #??????# # #?????? | | ???????????# = + #??????# """ # ####### | | ???????????# #######??????# """ # | | ???????????######????????????# """ + | | ?????????????????????????????# # | | ?????????????????????????????# = ## ######+# | | ?????????????????????????????# % #? #??????? | | ?????????????????????????????######+####? #??????? | | ??????????????????????????????????# #???# #??????? | | ??????????????????????????????????# #???# #??????? | | ??????????????????????????????????# ##### #??????? | | ??????????????????????????????????# ! #??????? | | ??????????????????????????????????# #??????? | | ??????????????????????????????????# ###????? | | ??????????????????????????????????# ""#????? | | ??????????????????????????????????# ""#????? | | ??????????????????????????????????#% ""#????? | | ??????????????????????????######### T#????? | | ??????????????????????#####! ## ""#????? | | ??????????????????????# # ! "# ""#????? | | ??????????????????????# # ## w ""#????? | | ??????????????????????# # ## ###????? | | ??????????????????????# # ## #??????? | | ??????????????????????# #h ## #??????? | | ??????????????????????# ####+####### #??????? | | ??????????????????????# [@## h###### | | ??????????????????????##+### %% | | ??????????????????????# %= #h###### | | ??????????????????????# #????????? | | ??????????????????????# !#????????? | | ??????????????????????# ^ ^ ! #????????? | | ??????????????????????# #????????? | | ????????????????????### ]]/ #????????? | | ????????????????????# # ?????? | | ????????????????????# ##### ###+#????? | | ????????????????????# #???# ???? | | ????????????????????# #???# ???? | | ????????????????????# #???#/#####+## ???? | | ????????????????????# #?? #??? # ??? | | ????????########????# # #??? # ?? | | ????????# [ ###### # #??? # """"""" ? | | ????????# # ## # #???? # """"""" | | ????????# !!! + R+ #???? # """"""" | | ????????# !!! !# ## # #???? + | | ????????# !!! =## ###/########?????# ?? | | ????????# ## #? #?????????? ?????? | | ????????######### # #??????????##+###???????? | | ????????????????# / #???????????????????????? | | ????????????????# # * #??????????????????????? | | ????????????????# # ]] ##??????????????????????? | +----------------------------------------------------+ Best States ------------- Heat Dissipation 125 Coolant Potential 50 Energy Generation 25 Energy Capacity 870 Matter Stores 378 Matter Capacity 550 Sight Range 24 Terrain Scan Density 10 Cloak Strength 5 Power Amplification 30 Armor Coverage 3200 Resistance: KI 30 Resistance: TH 15 Resistance: EM 90 Core Shielding 20 Propulsion Shielding 33 Weapon Cycling 25 Phase Shifting 10 Evasion (%) 64 Targeting Accuracy 12 Melee Accuracy 6 Recoil Reduction 12 Matter Filtering 30 Particle Charging 20 Force Boost 40 Offensive Hacking 64 Defensive Hacking 14 Relay Coupler Types 4 Relay Coupler Value 93 Authchip Count 2 Item Schematics ----------------- Remote Datajack | -7/Factory | Hacked Biomechanical Wings | -6/Factory | Scanalyzed Hvy. Treads | -6/Factory | Hacked Exp. Propulsion Shielding | -5/Factory | Hacked Mni. Smartbomb Launcher | -4/Extension | Hacked Plasma Lance | -3/Research | Hacked Centrium Light Armor Plating | -3/Research | Hacked Exp. Melee Analysis Suite | -3/Research | Hacked Prc. Matter Filter | -3/Research | Hacked Cmb. Linear Gravjet | -3/Research | Hacked Launcher Loader | -3/Research | Hacked Exp. Utility Shielding | -3/Research | Hacked Adv. Force Booster | -3/Research | Scanalyzed Exp. Phase Shifter | -3/Research | Scanalyzed Exp. EM Disruption Field | -3/Research | Scanalyzed Stasis Canceller | -3/Research | Scanalyzed Exp. Hacking Suite | -3/Research | Hacked Robot Schematics ------------------ None Fabricated ------------ Remote Datajack | x1 | -7/Factory Biomechanical Wings | x1 | -6/Factory Biomechanical Wings | x1 | -6/Factory Biomechanical Wings | x1 | -6/Factory Biomechanical Wings | x1 | -5/Factory Cmb. Linear Gravjet | x2 | -3/Research | Authchip Cmb. Linear Gravjet | x2 | -3/Research | Authchip Alien Tech Used ----------------- None Achievements -------------- None Challenges ------------ None Game ------ Seed LargeSignalCanceller Manual? 0 Play Time 15:11:19 Cumulative 455.7 hours Start 2022.05.24 @ 18:02:10 End 2022.05.27 @ 23:26:53 Sessions 31 Manual Loads 0 Difficulty Rogue Special Mode None Game No. 35 Rogue 30 Adventurer 5 Explorer 0 Win Type - Total 19 Types 5/4/3/0/3/1/2/0/1 Lore% 78 Gallery% 88 Achievement% 80 Wizard Run 0 Options --------- ASCII 0 Keyboard 0 Movement Arrows Keybinds 0 Fullscreen 2 Font 18/SmallcapsGlow Map View 76x50 Tactical HUD 1 Map Filters NONE Filters NONE Steam 1 RUN: 2815cd95-6312-4383-b47e-167bc6153271